 Dungeon Crawl Stone Soup version 0.32-a0-871-ge202e49faa (webtiles) character file.

Game seed: 7558937913506675414

14704293 gameguard the Rhythm of Life and Death (level 27, 199/199 HPs)
             Began as a Demonspawn Fighter on Mar 29, 2024.
             Was a Follower of Uskayaw.
             Escaped with the Orb
             ... and 15 runes on Mar 30, 2024!
             The game lasted 06:11:34 (107754 turns).

gameguard the Rhythm of Life and Death (DsFi)     Turns: 107754, Time: 06:11:35

Health: 199/199    AC: 61    Str: 30    XL:     27
Magic:  40/40      EV: 20    Int:  9    God:    Uskayaw [*.....]
Gold:   12463      SH: 38    Dex: 18    Spells: 23/26 levels left

rFire   + + .        a - +18 lance "Wyrmbane" {slay drac, rPois rF+ rC+ AC+3}
rCold   + + +        w - +8 tower shield {AC+3}
rNeg    + + .        D - +12 gold dragon scales
rPois   +            p - +0 helmet "Dilajyll" {rElec Dex+5}
rElec   +            s - +2 cloak {Will+}
rCorr   .            d - +2 pair of gloves of the Platytaur {Str+4 Stlth-}
SInv    +            (boots unavailable)
Will    ++++.        V - amulet of faith Stlth
                     Q - ring of Isenel {Slay+4 SInv Stlth+}
HPRegen 0.53/turn    G - ring "Paray" {rC+ rN++}
MPRegen 0.27/turn

%: faith
@: studying 3 skills
A: hooves 3, slimy green scales 3, foul stench 3, icemail 2, augmentation 3,
condensation shield, clumsy 1, deformed body, dopey 1, frail 2, strong-willed 1,
poison resistance, screaming 1, persistent drain
0: Orb of Zot
}: 15/15 runes: serpentine, barnacled, slimy, silver, golden, iron, obsidian,
icy, bone, abyssal, demonic, glowing, magical, fiery, dark
a: Renounce Religion, Stomp


You escaped.
You worshipped Uskayaw.
Uskayaw was exalted by your worship.
You visited 18 branches of the dungeon, and saw 88 of its levels.
You visited Pandemonium 1 time, and saw 16 of its levels.
You visited the Abyss 1 time.
You visited 1 bazaar.
You visited 1 ziggurat, and saw 17 of its levels.
You also visited: Sewer, Bailey, Ice Cave, Volcano and Desolation.

You collected 17029 gold pieces.
You spent 4566 gold pieces at shops.

Inventory:

Hand Weapons
 a - the +18 lance "Wyrmbane" (weapon) {slay drac, rPois rF+ rC+ AC+3}
   (You acquired it on level 15 of the Dungeon)

   AC+3:      It affects your AC (+3).
   rF+:       It protects you from fire.
   rC+:       It protects you from cold.
   rPois:     It protects you from poison.
 b - a +9 antimagic broad axe
 e - a +9 broad axe of freezing
Missiles
 J - 7 throwing nets (quivered) {!f}
Armour
 c - the +1 helmet of Abstinence {rF+ rC++}
   (You found it in Pandemonium)

   rF+:       It protects you from fire.
   rC++:      It greatly protects you from cold.
 d - the +2 pair of gloves of the Platytaur (worn) {Str+4 Stlth-}
   (You acquired it on level 11 of the Dungeon)

   Str+4:     It affects your strength (+4).
   Stlth-:    It makes you less stealthy.
 p - the +0 helmet "Dilajyll" (worn) {rElec Dex+5}
   (You bought it in a shop on level 11 of the Dungeon)

   Dex+5:     It affects your dexterity (+5).
   rElec:     It insulates you from electricity.
 s - a +2 cloak of willpower (worn)
 w - a +8 tower shield of protection (worn)
 D - +12 gold dragon scales (worn)
 U - the +0 hat "Gyleng" {Slay+5 Stlth+}
   (You found it on level 11 of the Dungeon)

   Slay+5:    It affects your accuracy & damage with ranged weapons and melee
   (+5).
   Stlth+:    It makes you more stealthy.
Jewellery
 x - the ring of Ybedezea {rF+ rC- rCorr Int+3 SInv}
   (You found it in the Desolation of Salt)

   [ring of resist corrosion]

   Int+3:     It affects your intelligence (+3).
   rF+:       It protects you from fire.
   rC-:       It makes you vulnerable to cold.
   SInv:      It lets you see invisible.
   rCorr:     It protects you from acid and corrosion.
 F - the ring "Xabadaha" {Fly Str+6 Dex+3}
   (You found it on level 7 of the Iron City of Dis)

   [ring of strength]

   Str+6:     It affects your strength (+6).
   Dex+3:     It affects your dexterity (+3).
   Fly:       It grants you flight.
 G - the ring "Paray" (right hand) {rC+ rN++}
   (You found it on level 3 of the Crypt)

   [ring of protection from cold]

   rC+:       It protects you from cold.
   rN++:      It greatly protects you from negative energy.
 O - the amulet "Ruamuih" {Reflect rElec rPois Int+2 Slay+3 SH+5}
   (You found it on level 7 of Tartarus)

   [amulet of reflection]

   Reflect:   It reflects blocked missile attacks.
   Int+2:     It affects your intelligence (+2).
   Slay+3:    It affects your accuracy & damage with ranged weapons and melee
   (+3).
   rElec:     It insulates you from electricity.
   rPois:     It protects you from poison.
   SH+5:      It affects your SH (+5).
 Q - the ring of Isenel (left hand) {Slay+4 SInv Stlth+}
   (You took it off an efreet in Pandemonium)

   [ring of slaying]

   Slay+4:    It affects your accuracy & damage with ranged weapons and melee
   (+4).
   SInv:      It lets you see invisible.
   Stlth+:    It makes you more stealthy.
 V - an amulet of faith (around neck)
 Y - the ring of Traps {rCorr Str+3 Dex+6}
   (You found it on level 5 of a ziggurat)

   [ring of dexterity]

   Str+3:     It affects your strength (+3).
   Dex+6:     It affects your dexterity (+6).
   rCorr:     It protects you from acid and corrosion.
Wands
 u - a wand of roots (71)
 H - a wand of paralysis (74)
 I - a wand of mindburst (56)
 W - a wand of acid (3)
 Z - a wand of digging (17)
Scrolls
 f - 5 scrolls of fog
 q - 14 scrolls of vulnerability
 v - 6 scrolls of revelation
 y - 5 scrolls of summoning
 E - 8 scrolls of blinking
 L - 2 scrolls of immolation
 N - 6 scrolls of teleportation
 R - 19 scrolls of fear
Potions
 i - 4 potions of might
 j - 8 potions of curing
 k - 9 potions of enlightenment
 m - 9 potions of lignification
 o - 18 potions of attraction
 t - 5 potions of heal wounds
 B - 10 potions of magic
 C - a potion of resistance
 S - 4 potions of cancellation
 T - 2 potions of berserk rage
 X - 2 potions of haste
Miscellaneous
 g - the horn of Geryon
 l - a tin of tremorstones (2/2)
 r - a figurine of a ziggurat
 z - a phial of floods
 K - a box of beasts
 M - a lightning rod (4/4)


   Skills:
 O Level 27 Fighting
 - Level 17.4(18.0) Axes
 - Level 7.5(13.5) Polearms
 - Level 2.0 Ranged Weapons
 O Level 27 Armour
 + Level 26.6 Dodging
 - Level 16.5 Stealth
 O Level 27 Shields
 O Level 27 Invocations
 + Level 20.5 Evocations
 - Level 19.0 Shapeshifting


You had 23 spell levels left.
You knew the following spells:

 Your Spells              Type           Power      Damage    Failure   Level
l - Blink                 Tloc           0%         N/A       97%         2
q - Apportation           Tloc           0%         N/A       91%         1

Your spell library contained the following spells:

 Spells                   Type           Power      Damage    Failure   Level
 Foxfire                  Conj/Fire      0%         2x1d4     91%         1
 Freeze                   Ice            0%         1d3       91%         1
 Kiss of Death            Conj/Necr      0%         2d5       91%         1
 Magic Dart               Conj           0%         1d3       91%         1
 Necrotise                Necr           0%         1d4       91%         1
 Sandblast                Erth           0%         2d4       91%         1
 Slow                     Hex            0%         N/A       91%         1
 Sting                    Conj/Alch      0%         1d3       91%         1
 Summon Small Mammal      Summ           0%         N/A       91%         1
 Call Imp                 Summ           0%         N/A       97%         2
 Cigotuvi's Dreadful Rot  Necr/Alch/Air  0%         N/A       97%         2
 Ensorcelled Hibernation  Hex/Ice        0%         N/A       97%         2
 Jinxbite                 Hex            0%         N/A       97%         2
 Lesser Beckoning         Tloc           0%         N/A       97%         2
 Mercury Vapours          Alch/Air       0%         N/A       97%         2
 Momentum Strike          Conj/Tloc      0%         3d8       97%         2
 Static Discharge         Conj/Air       0%         3-3/arc   97%         2
 Sublimation of Blood     Necr           0%         N/A       97%         2
 Call Canine Familiar     Summ           0%         N/A       99%         3
 Confusing Touch          Hex            0%         N/A       99%         3
 Dazzling Flash           Conj/Hex       0%         N/A       99%         3
 Frozen Ramparts          Ice            0%         1d1       99%         3
 Fugue of the Fallen      Necr           0%         N/A       99%         3
 Hailstorm                Conj/Ice       0%         3d5       99%         3
 Inner Flame              Hex/Fire       0%         N/A       99%         3
 Mephitic Cloud           Conj/Alch/Air  0%         N/A       99%         3
 Ozocubu's Armour         Ice            0%         N/A       99%         3
 Passwall                 Erth           0%         N/A       99%         3
 Sigil of Binding         Hex            0%         N/A       99%         3
 Stone Arrow              Conj/Erth      0%         3d7       99%         3
 Summon Ice Beast         Ice/Summ       0%         N/A       99%         3
 Swiftness                Air            0%         N/A       99%         3
 Teleport Other           Tloc           0%         N/A       99%         3
 Tukima's Dance           Hex            0%         N/A       99%         3
 Vampiric Draining        Necr           0%         2d6       99%         3
 Volatile Blastmotes      Fire/Tloc      0%         2d10      99%         3
 Airstrike                Air            0%         2d(0-16)  100%        4
 Anguish                  Hex/Necr       0%         N/A       100%        4
 Animate Armour           Summ/Erth      0%         N/A       100%        4
 Animate Dead             Necr           0%         N/A       100%        4
 Brom's Barrelling Bould  Conj/Erth      0%         2d3       100%        4
 Cause Fear               Hex            0%         N/A       100%        4
 Dimensional Bullseye     Hex/Tloc       0%         N/A       100%        4
 Flame Wave               Conj/Fire      0%         2d4       100%        4
 Fulminant Prism          Conj/Alch      0%         3d5       100%        4
 Ignite Poison            Fire/Alch      0%         N/A       100%        4
 Iskenderun's Mystic Bla Conj/Tloc 0%             2d3        (+2d1     100%        4
 Leda's Liquefaction      Alch/Erth      0%         N/A       100%        4
 Martyr's Knell           Necr/Summ      0%         N/A       100%        4
 Maxwell's Portable Pile  Tloc           0%         2d(5-10)  100%        4
 Olgreb's Toxic Radiance  Alch           0%         N/A       100%        4
 Passage of Golubria      Tloc           0%         N/A       100%        4
 Petrify                  Alch/Erth      0%         N/A       100%        4
 Sticky Flame             Fire/Alch      0%         2d4       100%        4
 Summon Blazeheart Golem  Fire/Summ      0%         N/A       100%        4
 Summon Lightning Spire   Summ/Air       0%         N/A       100%        4
 Vhi's Electric Charge    Tloc/Air       0%         N/A       100%        4
 Alistair's Intoxication  Alch           0%         N/A       100%        5
 Arcjolt                  Conj/Air       0%         1d10      100%        5
 Borgnjor's Vile Clutch   Necr/Erth      0%         N/A       100%        5
 Curse of Agony           Necr           0%         N/A       100%        5
 Fireball                 Conj/Fire      0%         3d3       100%        5
 Freezing Cloud           Conj/Ice/Air   0%         6-21      100%        5
 Irradiate                Conj/Alch      0%         3d11      100%        5
 Iskenderun's Battlesphe  Conj           0%         2d6       100%        5
 Lee's Rapid Deconstruct  Erth           0%         3d4*      100%        5
 Metabolic Englaciation   Hex/Ice        0%         N/A       100%        5
 Silence                  Hex/Air        0%         N/A       100%        5
 Summon Forest            Summ/Tloc      0%         N/A       100%        5
 Summon Mana Viper        Hex/Summ       0%         N/A       100%        5
 Yara's Violent Unravell  Hex/Alch       0%         3d3       100%        5
 Bombard                  Conj/Erth      0%         9d1       100%        6
 Conjure Ball Lightning   Conj/Air       0%         3x3d6     100%        6
 Death Channel            Necr           0%         N/A       100%        6
 Dispersal                Tloc           0%         N/A       100%        6
 Eringya's Noxious Bog    Alch           0%         4d6       100%        6
 Gell's Gavotte           Tloc           0%         2d(11-16) 100%        6
 Permafrost Eruption      Ice/Erth       0%         2x4d2     100%        6
 Plasma Beam              Fire/Air       0%         2x1d10    100%        6
 Sculpt Simulacrum        Ice/Alch       0%         N/A       100%        6
 Starburst                Conj/Fire      0%         6d3       100%        6
 Summon Cactus Giant      Summ           0%         N/A       100%        6
 Enfeeble                 Hex            0%         N/A       100%        7
 Haunt                    Necr/Summ      0%         N/A       100%        7
 Malign Gateway           Summ/Tloc      0%         N/A       100%        7
 Manifold Assault         Tloc           0%         N/A       100%        7
 Monstrous Menagerie      Summ           0%         N/A       100%        7
 Orb of Destruction       Conj           0%         9d5       100%        7
 Ozocubu's Refrigeration  Ice            0%         4d7       100%        7
 Spellforged Servitor     Conj/Summ      0%         N/A       100%        7
 Summon Hydra             Summ           0%         N/A       100%        7
 Borgnjor's Revivificati  Necr           0%         N/A       100%        8
 Discord                  Hex            0%         N/A       100%        8
 Disjunction              Tloc           0%         N/A       100%        8
 Ignition                 Fire           0%         3d3       100%        8
 Infestation              Necr           0%         N/A       100%        8
 Lehudib's Crystal Spear  Conj/Erth      0%         10d2      100%        8
 Maxwell's Capacitive Co  Air            0%         ∞         100%        8
 Summon Horrible Things   Summ           0%         N/A       100%        8
 Chain Lightning          Conj/Air       0%         N/A       100%        9
 Death's Door             Necr           0%         N/A       100%        9
 Dragon's Call            Summ           0%         N/A       100%        9
 Fire Storm               Conj/Fire      0%         5d1       100%        9
 Shatter                  Erth           0%         3d5*      100%        9


Dungeon Overview and Level Annotations

Branches:
Dungeon (15/15)            Temple (1/1) D:7            Lair (5/5) D:9
 Shoals (4/4) Lair:3        Snake (4/4) Lair:3        Slime (5/5) Lair:5
    Orc (2/2) D:12            Elf (3/3) Orc:2        Vaults (5/5) D:13
  Crypt (3/3) Vaults:3       Tomb (3/3) Crypt:3      Depths (4/4) D:15
   Hell (visited)             Dis (7/7) Hell            Geh (7/7) Hell
    Coc (7/7) Hell            Tar (7/7) Hell            Zot (5/5) Depths:4
  Sewer (visited)          Bailey (visited)           IceCv (visited)
Volcano (visited)         Desolation (visited)

Altars:
Ashenzari
Cheibriados
Dithmenos
Fedhas
Gozag
Hepliaklqana
Kikubaaqudgha
Makhleb
Nemelex Xobeh
Okawaru
Qazlal
Ru
Sif Muna
Trog
Uskayaw
Vehumet
Wu Jian
Xom
Yredelemnul
Beogh
Jiyva

Shops:
D:8 ?   D:11 [   Orc:2 =?:([   Elf:1 !   Vaults:1 *:   Vaults:4 (   Depths:4 *

Portals:
Hell: Depths:1 Depths:2 Depths:3 Depths:4
Abyss: Depths:1 Depths:3 Depths:4
Pandemonium: Depths:2 Depths:4

Annotations:
D:15 1 runed translucent door
Dis:3 19 runed translucent doors, exclusion: 18 doors
Zot:2 2 transporters, Wadir's ghost, veteran MiBe


Innate Abilities, Weirdness & Mutations

You have hooves in place of feet.
You are completely covered in slimy green scales. (AC +4, rPois)
You frequently emit foul miasma when damaged in melee.
A meltable icy envelope protects you from harm. (AC +8)
Your magical and physical power is greatly enhanced at high health.
A meltable shield of frost defends you. (SH +4)
You are clumsy. (Dex -2)
Armour fits poorly on your strangely shaped body.
You are dopey. (Int -2)
You are very frail. (-20% HP)
You are strong-willed. (Will+)
Your system is resistant to poisons. (rPois)
You occasionally shout uncontrollably at your foes.
Your health recovers twice as slowly from being drained.


Message History

You spit the large abomination like a pig!!!
You destroy the large abomination!
Uskayaw will force your foes to share their pain.
An Orb Guardian comes into view.
You yell at the Orb Guardian!
You reach to attack!
The helpless large abomination fails to defend itself.
You skewer the large abomination like a kebab!!!
You destroy the large abomination!
You impale the Orb Guardian!! Your kick misses the Orb Guardian.
The Orb Guardian is moderately wounded.
The Orb Guardian hits you but does no damage.
You can now merge with and destroy a victim.
You impale the Orb Guardian!! You kick the Orb Guardian.
The Orb Guardian is severely wounded.
You block the Orb Guardian's attack.
You puncture the Orb Guardian!
The Orb Guardian is severely wounded.
You impale the Orb Guardian!!
You kick the Orb Guardian, but do no damage.
The Orb Guardian is almost dead.
You block the Orb Guardian's attack.
You impale the Orb Guardian!!
You kill the Orb Guardian!
No target in view!
You see here a +0 battleaxe.
There is a stone staircase leading up here.
You climb upwards.
There is a stone staircase leading down here.
There is a stone staircase leading up, spattered with blood here.
You climb upwards.
There is a stone staircase leading down here.
There is a stone staircase leading up here.
You climb upwards.
There is a stone staircase leading down here.
There is a stone staircase leading up here.
You climb upwards.
There is a stone staircase leading down here.
There is a staircase leading out of the dungeon here.
You have escaped!

###....§≈§§§≈§≈≈≈#
#####....(.≈≈≈≈≈≈≈§§≈# #
###.....#....≈§§≈§§≈§§§#
#
#...#####.....≈≈§≈≈≈≈≈§#
# #.#.# #......≈≈≈≈≈≈§≈#
###.#.# #.......§§§§≈§≈#
....#.##
#.#.....§§§§§≈≈#
#>.....#
#.###.##......≈#
..####.## #.#
#.@#.......#
........###.#
#..........#
..).....##..#
###.########
........##.######.#
........#..###....#
........#(##...####
.............###
..........#..#
######......##


There were no monsters in sight!

Vanquished Creatures
  Cerebov (Pan)
  Antaeus (Coc:7)
  Asmodeus (Geh:7)
  the Royal Jelly (Slime:5)
  Gloorx Vloq (Pan)
  Ereshkigal (Tar:7)
  Lom Lobon (Pan)
  Mnoleg (Pan)
  A seraph (Pan)
  14 orbs of fire
  Dispater (Dis:7)
  Khufu (Crypt:3)
  12 dread liches
  Mennas (Pan)
  6 ancient liches
  4 juggernauts
  28 royal mummies
  Xtahua (Crypt:3)
  5 Killer Klowns
  Boris (Vaults:5)
  Margery (Crypt:3)
  18 shard shrikes
  Vashnia (Snake:2)
  6 curse toes
  The ghost of Dome the Black Belt, a veteran DsSu of Jiyva (Crypt:1)
  Geryon (Hell)
  16 golden dragons
  44 caustic shrikes
  Jory (Vaults:5)
  25 profane servitors
  11 bone dragons
  5 pandemonium lords
  2 pearl dragons (Pan)
  5 electric golems
  Rupert (Lair:4)
  9 doom hounds
  8 iron giants
  14 Hell Sentinels
  13 Brimstone Fiends
  18 hellephants
  A spectral shard shrike (Crypt:3)
  20 Tzitzimimeh
  A shard shrike zombie (Tomb:3)
  10 liches
  20 Ice Fiends
  11 quicksilver dragons
  21 tentacled monstrosities
  22 tainted leviathans
  28 Orb Guardians
  A walking frostbound tome (Depths:3)
  2 walking earthen tomes (Depths:3)
  2 deep elf master archers (Elf:3)
  A walking divine tome (Depths:2)
  2 deep elf blademasters (Elf:3)
  15 titans
  Grunn (Zot:4)
  15 acid blobs
  15 sphinxes
  9 tentacled starspawn
  17 searing wretches
  3 krakens
  36 Executioners
  8 death cobs
  Donald (Orc:2)
  8 shadow dragons
  5 revenants
  4 tengu reavers
  32 ancient champions
  Aizul (Shoals:2)
  9 protean progenitors
  17 storm dragons
  Kirke (D:15)
  The ghost of Kidef the Severer, an adept FoFi of Okawaru (D:15)
  4 fenstrider witches
  10 rockslimes
  27 azure jellies
  5 draconian knights
  15 daevas
  11 demonspawn warmongers
  4 emperor scorpions
  29 narguns
  28 fire giants
  11 nagarajas
  5 draconian monks
  4 draconian shifters
  12 iron dragons
  4 deep elf elementalists (Elf:3)
  14 frost giants
  26 cacodemons
  An imperial myrmidon (Desolation)
  24 angels
  A caustic shrike zombie (Zig:10)
  4 ghouls
  5 spectral juggernauts
  37 balrugs
  4 curse skulls
  6 spectral caustic shrikes
  14 quicksilver elementals
  5 shard shrike simulacra
  20 ghost moths
  4 draconian stormcallers
  9 draconian annihilators
  7 draconian scorchers
  3 orc warlords
  22 vault wardens
  7 demonspawn corrupters
  A spriggan defender (Depths:3)
  9 formless jellyfish
  18 quicksilver oozes
  22 very ugly things
  9 demonspawn blood saints
  35 reapers
  15 stone giants
  4 juggernaut skeletons
  2 broodmothers
  5 caustic shrike skeletons (Pan)
  23 ironbound preservers
  15 ophanim
  6 vampire knights
  6 bennus
  7 lorocyprocas
  A starflower (Abyss:2)
  16 apis (Pan)
  26 elemental wellsprings
  12 green draconians
  13 ironbound thunderhulks
  11 deep elf death magi
  13 red draconians
  9 purple draconians
  3 demonspawn black suns
  4 deep elf demonologists
  43 war gargoyles
  15 black draconians
  23 putrid mouths
  A bunyip (Zig:17)
  5 deep elf annihilators
  A halazid warlock (Desolation)
  8 yellow draconians
  16 wendigos
  A dire elephant (Vaults:4)
  9 spark wasps
  9 white draconians
  28 starcursed masses
  3 eidola
  9 ettins
  4 merfolk javelineers
  11 blizzard demons
  25 iron golems
  5 merfolk impalers
  3 crystal guardians
  11 fire dragons
  11 entropy weavers
  23 mummy priests
  2 shambling mangroves
  24 jiangshi
  10 ragged hierophants (Desolation)
  13 green deaths
  A great orb of eyes (shapeshifter) (Abyss:4)
  3 spectral spriggans
  A spectral kraken (Tar:7)
  5 hydras
  A kraken zombie (Hell)
  4 deep elf high priests
  5 servants of whispers (Desolation)
  12 yaktaur captains
  11 great orbs of eyes
  10 salamander tyrants
  40 vault guards
  12 ice dragons
  6 peacekeepers (Desolation)
  6 rakshasas
  3 ogre magi
  5 death knights
  A hell beast (Depths:1)
  A radroach (Zig:17)
  6 ironbound frosthearts
  3 ghost crabs
  6 spriggan air magi
  An anaconda (shapeshifter) (Depths:3)
  5 catoblepae
  9 anacondas
  5 merfolk aquamancers
  16 centaur warriors
  12 caustic shrike simulacra
  8 juggernaut simulacra
  15 death yaks
  3 jorogumos
  An alligator snapping turtle (Shoals:3)
  11 boulder beetles
  16 two-headed ogres
  7 deep troll shamans
  8 stokers
  69 death scarabs
  An Orb Guardian skeleton (Crypt:1)
  3 satyrs
  The ghost of draino the Mimic, a novice DrSh of Gozag (D:8)
  28 dancing weapons
  A two-headed ogre (shapeshifter) (Depths:3)
  2 demonic crawlers (Zig:15)
  An orc high priest (Orc:2)
  42 hell hogs
  9 deep troll earth magi
  11 spriggan berserkers
  3 tengu warriors
  11 naga warriors
  13 shock serpents
  9 vampire magi
  23 naga sharpshooters
  A spectral dire elephant (Tar:2)
  2 occultists (D:15)
  7 thrashing horrors
  A shock serpent (shapeshifter) (Vaults:4)
  Urug (Lair:5)
  26 deep elf knights
  29 soul eaters
  5 skysharks
  6 spriggans
  9 crystal echidnas
  A fire crab (Abyss:4)
  58 sun demons
  6 shadow wraiths
  30 sixfirhies
  30 skeletal warriors
  7 iron trolls
  6 hell knights
  6 pharaoh ants
  4 hellephant skeletons (Pan)
  3 salamander mystics (Snake:3)
  A death drake (Shoals:2)
  A sea snake (shapeshifter) (Depths:2)
  3 spatial maelstroms
  A glowing orange brain (shapeshifter) (Elf:2)
  3 goliath frogs
  11 wretched stars
  2 arcanists
  A mana viper (shapeshifter) (Vaults:5)
  11 flayed ghosts
  7 quicksilver dragon simulacra
  A golden dragon zombie (Crypt:1)
  A spectral iron dragon (Crypt:3)
  A swamp dragon (Zig:14)
  11 deep elf archers
  13 shadow demons
  17 sun moths
  56 deep trolls
  18 cherubim (Pan)
  8 lindwurms
  An obsidian statue (Shoals:1)
  3 orange crystal statues
  16 sea snakes
  8 thermic dynamos
  10 glowing orange brains
  38 large abominations
  5 naga ritualists
  6 mana vipers (Snake:2)
  An orb spider (shapeshifter) (Depths:3)
  14 orc knights
  7 bog bodies
  4 steelbarb worms
  A spectral hydra (Tar:2)
  A swamp dragon (shapeshifter) (Depths:2)
  2 obsidian bats
  35 deep elf pyromancers
  A tengu zombie (Zig:10)
  4 necromancers
  15 ironbound convokers
  20 phantasmal warriors
  Pikel (D:6)
  A harpy (shapeshifter) (Vaults:5)
  4 alligator zombies
  15 harpies
  6 wolf spiders
  33 deep elf zephyrmancers
  An oklob plant (Shoals:4)
  14 salamanders
  2 alligator skeletons
  7 shining eyes
  6 orc sorcerers (Orc:2)
  3 fauns (Shoals:2)
  An iron dragon skeleton (Crypt:2)
  A spectral alligator snapping turtle (Tar:3)
  2 will-o-the-wisps
  A spectral centaur (Tar:2)
  4 worldbinders
  7 elephants
  15 manticores
  21 ugly things
  9 cyclopes
  16 naga magi
  30 moths of wrath
  3 Executioner simulacra (Pan)
  5 meliai
  A meliai (shapeshifter) (Depths:2)
  11 guardian serpents
  2 molten gargoyles (Desolation)
  25 black mambas
  8 merfolk sirens
  A frost giant skeleton (Crypt:2)
  11 vault sentinels
  5 apocalypse crabs
  2 rust devils
  A gargoyle (D:13)
  7 torpor snails
  2 centaur skeletons (D:15)
  34 smoke demons
  11 water nymphs
  7 ice statues
  3 eyes of devastation
  4 titan simulacra
  A yellow draconian zombie (Crypt:1)
  30 orange demons
  21 freezing wraiths
  11 spectral swamp worms (Tar:7)
  14 efreet
  12 cane toads
  2 tengu conjurers
  24 tormentors
  6 rime drakes
  19 hellions
  8 komodo dragons
  A naga skeleton (Tomb:3)
  2 bunyip simulacra (Coc:1)
  An iron giant simulacrum (Coc:7)
  2 anaconda simulacra
  A komodo dragon (shapeshifter) (Depths:2)
  28 yaktaurs
  40 guardian mummies
  A sea snake skeleton (Crypt:1)
  4 red devils (Pan)
  A red draconian skeleton (Crypt:2)
  4 hydra zombies (Hell)
  3 ice devils (Pan)
  6 ancient zymes
  6 golden dragon simulacra
  3 spectral harpies
  A queen bee (D:15)
  26 hellwings
  8 trolls
  A harpy zombie (Tomb:1)
  18 merfolk
  A queen bee (shapeshifter) (Depths:3)
  8 glass eyes
  2 alligator simulacra (IceCv)
  9 hornets
  19 raiju
  A tyrant leech (Zot:2)
  12 wind drakes
  An iron dragon simulacrum (Coc:4)
  12 dream sheep
  5 tarantellas
  A raiju (shapeshifter) (Elf:2)
  22 blink frogs
  68 saltlings
  A snapping turtle (shapeshifter) (Vaults:5)
  Sigmund (D:5)
  141 slime creatures
  14 snapping turtles
  3 culicivoras
  4 centaur simulacra (D:15)
  A jumping spider (Zig:7)
  An ettin skeleton (Tomb:3)
  21 shadows
  A culicivora (shapeshifter) (D:15)
  5 air elementals
  6 dire elephant simulacra
  A slime creature zombie (Crypt:1)
  56 yaks
  4 naga simulacra
  15 wraiths
  A fire dragon skeleton (Crypt:1)
  A wyvern (shapeshifter) (Vaults:5)
  4 fire bats (Abyss:2)
  4 vampires
  7 wyverns
  23 water elementals
  A yak (shapeshifter) (D:14)
  8 ushabtiu
  8 ynoxinuls
  4 basilisks
  5 fire elementals
  2 hogs (D:15)
  A steam dragon (D:7)
  27 neqoxecs
  6 wargs
  10 vampire mosquitoes
  9 golden eyes
  8 redbacks
  32 chaos spawn
  14 harpy simulacra
  Edmund (D:5)
  A glowing shapeshifter zombie (Zig:10)
  3 acid dragons
  38 nagas
  11 hell hounds
  13 water moccasins
  3 hydra simulacra
  An entropy weaver zombie (Crypt:1)
  32 orc warriors
  The ghost of Ruich the Ruffian, an amateur TrRe of Beogh (D:3)
  A glowing shapeshifter skeleton (Crypt:2)
  3 swamp drakes (Zig:14)
  A black bear (D:5)
  7 ice beasts
  43 laughing skulls
  7 ettin simulacra
  14 ogres
  4 sky beasts
  10 spriggan simulacra
  6 boggarts (Vaults:2)
  5 wolves
  A blink frog skeleton (Crypt:2)
  16 centaurs
  A phantom (D:5)
  3 kobold brigands
  A brain worm (shapeshifter) (Depths:2)
  Blork the orc (D:5)
  14 bullfrogs
  7 weeping skulls
  4 brain worms
  6 earth elementals
  A gnoll sergeant (D:11)
  11 small abominations
  4 burial acolytes (Crypt:3)
  A scorpion (D:6)
  8 wights
  2 spriggan zombies
  27 killer bees
  3 electric eels (D:11)
  A lindwurm simulacrum (IceCv)
  A polar bear skeleton (Crypt:2)
  A yak skeleton (Crypt:1)
  5 howler monkeys
  3 lava snakes (D:11)
  A jelly (D:7)
  17 orc priests
  2 gnoll boudas
  3 hounds
  5 iguanas
  A sleepcap (D:4)
  Jessica (D:2)
  Ijyb (D:3)
  Natasha (twice) (D:3)
  Terence (D:3)
  22 orc wizards
  A crocodile zombie (Crypt:1)
  41 mummies
  9 gnolls
  9 adders
  2 river rats (Sewer)
  5 white imps
  4 ufetubi
  A dart slug (D:2)
  A ribbon worm (D:4)
  83 orcs
  12 ball pythons
  6 endoplasms
  3 giant cockroaches
  17 hobgoblins
  7 jackals
  8 quokkas
  A ball python zombie (Crypt:1)
  7 bats
  12 frilled lizards
  12 goblins
  26 kobolds
  5 rats
  4 aspiring fleshes
  3 butterflies
  4 creeping infernos
  2 fire vortices (Geh:4)
  12 starspawn tentacles
  17 tentacles
4642 creatures vanquished.

Vanquished Creatures (collateral kills)
  An iron giant (Dis:5)
  An eldritch tentacle (Tomb:3)
  A reaper (Pan)
  A caustic shrike skeleton (Pan)
  An iron golem (Dis:5)
  A naga warrior (Snake:2)
  A large abomination (Pan)
  A shining eye (Slime:4)
  A chaos spawn (Pan)
9 creatures vanquished.

Vanquished Creatures (others)
  the Serpent of Hell (Geh:7)
  A hellephant (Geh:7)
  An eldritch tentacle (Pan)
  A nargun (Coc:3)
  A shard shrike simulacrum (Coc:7)
  A cacodemon (Zig:16)
  A demonspawn blood saint (Pan)
  A merfolk javelineer (Zig:17)
  An ogre mage (Vaults:5)
  2 caustic shrike simulacra (Coc:7)
  A hell hog (Hell)
  A fire crab (Abyss:4)
  A glowing orange brain (Abyss:2)
  2 spriggan simulacra
  A lindwurm (D:11)
  A manticore (Zig:17)
  2 smoke demons (Hell)
  A tormentor (Coc:3)
  A merfolk (Zig:17)
  A naga simulacrum (Coc:3)
  An alligator snapping turtle simulacrum (Coc:3)
  3 golden eyes (Pan)
  A chaos spawn (Pan)
  2 harpy simulacra (Coc:7)
  A laughing skull (Coc:3)
  3 creeping infernos
  18 foxfires
  A lurking horror (Abyss:2)
  15 starspawn tentacles
  22 tentacles
90 creatures vanquished.

Grand Total: 4741 creatures vanquished

Notes
Turn   | Place    | Note
-------+----------+-------------------------------------------
     0 | D:1      | gameguard the Demonspawn Fighter began the quest for the
                  | Orb.
     0 | D:1      | Reached XP level 1. HP: 18/18 MP: 1/1
   164 | D:1      | Gained mutation: You may rarely emit foul miasma when
                  | damaged in melee. [demonic ancestry]
   164 | D:1      | Reached XP level 2. HP: 21/24 MP: 2/2
   396 | D:1      | Found a faded altar of an unknown god.
   830 | D:2      | Gained mutation: You sometimes emit foul miasma when
                  | damaged in melee. [demonic ancestry]
   830 | D:2      | Reached XP level 3. HP: 29/29 MP: 3/3
  1367 | D:2      | Noticed Jessica
  1370 | D:2      | Killed Jessica
  1371 | D:2      | Reached XP level 4. HP: 34/35 MP: 4/4
  2177 | D:3      | Found a runed translucent gate.
  2177 | D:3      | Found a runed translucent gate.
  2178 | D:3      | Found a runed translucent gate.
  2179 | D:3      | Noticed Ruich's ghost (amateur TrRe)
  2182 | D:3      | Identified the +7 whip of Xuoriz {antimagic, +Blink}
  2262 | D:3      | Noticed Ijyb
  2275 | D:3      | Killed Ijyb
  2276 | D:3      | Reached XP level 5. HP: 40/42 MP: 5/5
  2351 | D:3      | Found a shimmering blue altar of Sif Muna.
  2438 | D:3      | Noticed Natasha
  2438 | D:3      | Noticed Terence
  2442 | D:3      | Killed Natasha
  2443 | D:3      | Reached skill level 1 in Evocations
  2446 | D:3      | Killed Terence
  2485 | D:3      | Noticed Natasha
  2488 | D:3      | Killed Natasha
  2550 | D:3      | Found a roughly hewn altar of Beogh.
  2683 | D:4      | Gained mutation: A meltable shield of frost defends you.
                  | (SH +4) [demonic ancestry]
  2683 | D:4      | Reached XP level 6. HP: 38/48 MP: 6/6
  2808 | D:4      | Found a glowing drain.
  2832 | D:4      | Found a hazy altar of Hepliaklqana.
  2834 | D:4      | Found a radiant altar of Vehumet.
  2835 | D:4      | Found an opulent altar of Gozag.
  2957 | Sewer    | Entered a sewer
  3263 | Sewer    | Gained mutation: You have large cloven feet. [demonic
                  | ancestry]
  3263 | Sewer    | Reached XP level 7. HP: 55/55 MP: 7/7
  3665 | D:4      | Found an iron altar of Okawaru.
  4280 | D:5      | Entered Level 5 of the Dungeon
  4292 | D:5      | Found a snail-covered altar of Cheibriados.
  4462 | D:5      | Reached skill level 5 in Axes
  4685 | D:5      | Noticed Sigmund
  4696 | D:5      | Killed Sigmund
  4697 | D:5      | Reached skill level 5 in Fighting
  4730 | D:5      | Noticed Blork the orc
  4755 | D:5      | Killed Blork the orc
  4756 | D:5      | Reached XP level 8. HP: 16/62 MP: 8/8
  5068 | D:5      | Noticed Edmund
  5094 | D:5      | Killed Edmund
  5344 | D:5      | Reached skill level 5 in Shields
  5722 | D:6      | Noticed Pikel
  5738 | D:6      | Killed Pikel
  5782 | D:6      | Reached XP level 9. HP: 62/69 MP: 9/9
  6004 | D:6      | Reached skill level 5 in Evocations
  7361 | D:7      | Found a staircase to the Ecumenical Temple.
  7379 | Temple   | Entered the Ecumenical Temple
  7481 | Temple   | Became a worshipper of Uskayaw the Reveller
  7533 | D:7      | Reached * piety under Uskayaw
  7605 | D:7      | Reached ** piety under Uskayaw
  7608 | D:7      | Reached skill level 1 in Invocations
  7608 | D:7      | Reached *** piety under Uskayaw
  7610 | D:7      | Reached **** piety under Uskayaw
  8015 | D:7      | Found a shadowy altar of Dithmenos.
  8016 | D:7      | Found an ancient bone altar of Kikubaaqudgha.
  8090 | D:7      | Found a burning altar of Makhleb.
  8329 | D:8      | Found a basalt altar of Yredelemnul.
  8367 | D:8      | Noticed a two-headed ogre
  8376 | D:8      | Killed a two-headed ogre
  8377 | D:8      | Reached XP level 10. HP: 80/80 MP: 10/12
  8427 | D:8      | Found a transporter.
  8430 | D:8      | Noticed a centaur warrior
  8439 | D:8      | Noticed draino's ghost (novice DrSh)
  8457 | D:8      | Found a transporter.
  8481 | D:8      | Found Weoskoture's Magic Scroll Shop.
  8487 | D:8      | Bought a scroll of teleportation for 45 gold pieces
  8487 | D:8      | Bought a scroll of immolation for 60 gold pieces
  8487 | D:8      | Bought a scroll of identify for 30 gold pieces
  8487 | D:8      | Bought a scroll of identify for 30 gold pieces
  8488 | D:8      | Identified a scroll of acquirement
  8491 | D:8      | Acquired 815 gold pieces
  8493 | D:8      | Bought a scroll of vulnerability for 60 gold pieces
  8493 | D:8      | Bought a scroll of poison for 60 gold pieces
  8537 | D:8      | Reached skill level 1 in Dodging
  8938 | D:3      | Killed Ruich's ghost
  9175 | D:9      | Identified the +6 dagger of Disintegration {flame, rN+
                  | rCorr SInv}
  9317 | D:9      | Found a staircase to the Lair.
  9376 | D:9      | Reached ***** piety under Uskayaw
  9377 | D:9      | Reached skill level 10 in Axes
  9498 | D:9      | Paralysed by a hornet for 3 turns
  9828 | D:9      | Found a broken altar of Ashenzari.
 10400 | D:9      | Reached skill level 5 in Invocations
 10587 | D:10     | Entered Level 10 of the Dungeon
 10727 | D:10     | Found a flagged portal.
 10849 | Bailey   | Entered a bailey
 10868 | Bailey   | Noticed an orc warlord
 10942 | Bailey   | Reached ****** piety under Uskayaw
 10943 | Bailey   | Gained mutation: You have hoof-like feet. [demonic
                  | ancestry]
 10943 | Bailey   | Reached XP level 11. HP: 87/87 MP: 14/14
 10953 | Bailey   | Found a runed translucent gate.
 10953 | Bailey   | Found a runed translucent gate.
 10953 | Bailey   | Found a runed translucent gate.
 10988 | Bailey   | Killed an orc warlord
 11010 | Bailey   | Identified the +8 sling of Werivve {drain, rF++ Int+3
                  | Dex-3}
 11332 | D:10     | Noticed a two-headed ogre
 11344 | D:10     | Killed a two-headed ogre
 11719 | D:10     | Acquired the +7 demon trident "Code Wau" {venom, rCorr
                  | Str+3 Stlth-}
 12142 | D:11     | Reached skill level 1 in Ranged Weapons
 12142 | D:11     | Reached skill level 5 in Armour
 12356 | D:11     | Reached skill level 1 in Polearms
 12395 | D:11     | Noticed a two-headed ogre
 12408 | D:11     | Killed a two-headed ogre
 12638 | D:11     | Noticed a two-headed ogre
 12646 | D:11     | Killed a two-headed ogre
 12902 | D:11     | Found a runed translucent door.
 12937 | D:11     | Found Qutosuos's Armour Shop.
 13272 | D:11     | Identified the +0 hat "Gyleng" {Slay+5 Stlth+}
 13274 | D:11     | Identified the +8 whip of Destiny {venom, ^Fragile rN+
                  | Int+4 SInv}
 13276 | D:11     | Found a runed translucent gate.
 13276 | D:11     | Found a runed translucent gate.
 13276 | D:11     | Found a runed translucent gate.
 13276 | D:11     | Found a runed translucent gate.
 13276 | D:11     | Noticed a boulder beetle
 13293 | D:11     | Found a runed translucent gate.
 13294 | D:11     | Found a runed translucent gate.
 13294 | D:11     | Noticed a lindwurm
 13295 | D:11     | Noticed a boulder beetle
 13305 | D:11     | Killed a boulder beetle
 13308 | D:11     | Killed a boulder beetle
 13312 | D:11     | Killed a lindwurm
 13313 | D:11     | Gained mutation: You are partially covered in slimy green
                  | scales. (AC +2) [demonic ancestry]
 13313 | D:11     | Reached XP level 12. HP: 93/96 MP: 17/17
 13380 | D:11     | Acquired the +2 pair of gloves of the Platytaur {Str+4
                  | Stlth-}
 13446 | Lair:1   | Entered Level 1 of the Lair of Beasts
 13555 | Lair:1   | Identified the +6 trident of the Cursing Shark {venom,
                  | rElec rPois rC++ Dex-4 SInv}
 14161 | Lair:1   | Noticed a death yak
 14163 | Lair:1   | Noticed a death yak
 14175 | Lair:1   | Noticed a death yak
 14181 | Lair:1   | Killed a death yak
 14183 | Lair:1   | Killed a death yak
 14186 | Lair:1   | Killed a death yak
 14262 | Lair:1   | Reached skill level 10 in Fighting
 14719 | Lair:2   | Noticed an eight-headed hydra
 14725 | Lair:2   | Killed an eight-headed hydra
 15273 | Lair:3   | Noticed a five-headed hydra
 15285 | Lair:3   | Killed a five-headed hydra
 15486 | Lair:3   | Gained mutation: A meltable icy envelope protects you from
                  | harm. (AC +8) [demonic ancestry]
 15486 | Lair:3   | Reached XP level 13. HP: 103/104 MP: 20/20
 15492 | Lair:3   | Found a staircase to the Snake Pit.
 15509 | Lair:3   | Reached skill level 5 in Polearms
 15758 | Lair:3   | Reached skill level 10 in Invocations
 16039 | Lair:3   | Found a staircase to the Shoals.
 16424 | Lair:4   | Noticed Rupert
 16442 | Lair:4   | Killed Rupert
 17020 | Lair:5   | Entered Level 5 of the Lair of Beasts
 17124 | Lair:5   | Found a viscous altar of Jiyva.
 17125 | Lair:5   | Found a staircase to the Slime Pits.
 17139 | Lair:5   | Found a dark tunnel.
 17148 | Volcano  | Entered a volcano
 17238 | Volcano  | Noticed a red draconian
 17247 | Volcano  | Killed a red draconian
 17255 | Volcano  | Gained mutation: You have hooves in place of feet. [demonic
                  | ancestry]
 17255 | Volcano  | Reached XP level 14. HP: 62/113 MP: 22/22
 17801 | Lair:5   | Noticed Urug
 17810 | Lair:5   | Killed Urug
 19025 | D:12     | Found a staircase to the Orcish Mines.
 19357 | Orc:1    | Entered Level 1 of the Orcish Mines
 19562 | Orc:2    | Entered Level 2 of the Orcish Mines
 19577 | Orc:2    | Noticed Maurice
 19592 | Orc:2    | Maurice changed into Maurice the acid dragon
 19592 | Orc:2    | Noticed Maurice
 19595 | Orc:2    | Killed Maurice the acid dragon
 19613 | Orc:2    | Noticed Donald
 19627 | Orc:2    | Killed Donald
 19784 | Orc:2    | Found a roughly hewn altar of Beogh.
 19806 | Orc:2    | Found Ragimnoyrch's Jewellery Shop.
 19812 | Orc:2    | Found a staircase to the Elven Halls.
 19812 | Orc:2    | Noticed an orc warlord
 19843 | Orc:2    | Killed an orc warlord
 20159 | Orc:2    | Reached XP level 15. HP: 106/120 MP: 23/23
 20311 | Orc:2    | Found Jomadwec's Magic Scroll Shoppe.
 20317 | Orc:2    | Bought 2 scrolls of identify for 48 gold pieces
 20317 | Orc:2    | Bought a scroll of fog for 48 gold pieces
 20363 | Orc:2    | Found Vanunk's Weapon Shop.
 20517 | Orc:2    | Found a roughly hewn altar of Beogh.
 20518 | Orc:2    | Found Ethyaf's Armour Shop.
 20653 | Orc:2    | Found Arhommuo's Book Boutique.
 20837 | Orc:2    | Bought a ring of protection from fire for 375 gold pieces
 20837 | Orc:2    | Bought a ring of willpower for 375 gold pieces
 20837 | Orc:2    | Bought a ring of poison resistance for 300 gold pieces
 20901 | Orc:2    | Bought a scroll of enchant weapon for 90 gold pieces
 20901 | Orc:2    | Bought a scroll of immolation for 48 gold pieces
 20901 | Orc:2    | Bought a scroll of enchant armour for 90 gold pieces
 20901 | Orc:2    | Bought 2 scrolls of immolation for 96 gold pieces
 20901 | Orc:2    | Bought a scroll of enchant weapon for 90 gold pieces
 21089 | D:13     | Found a gate to the Vaults.
 21227 | D:13     | Reached skill level 10 in Shields
 22840 | D:15     | Entered Level 15 of the Dungeon
 22973 | D:15     | Found a runed translucent door.
 22981 | D:15     | Noticed a lich
 22994 | D:15     | Noticed Kidef's ghost (adept FoFi)
 23001 | D:15     | Found a runed translucent door.
 23761 | D:15     | Noticed Kirke
 23768 | D:15     | Noticed a sphinx
 23768 | D:15     | Killed Kirke
 24116 | D:15     | Acquired the +8 lance "Wyrmbane" {slay drac, rPois rF+ rC+
                  | AC+3}
 24116 | D:15     | Found the +8 lance "Wyrmbane" {slay drac, rPois rF+ rC+
                  | AC+3}
 24285 | D:15     | Gained mutation: You are mostly covered in slimy green
                  | scales. (AC +3) [demonic ancestry]
 24285 | D:15     | Reached XP level 16. HP: 128/129 MP: 25/25
 24385 | D:15     | Found a staircase to the Depths.
 24728 | D:15     | Killed Kidef's ghost
 24733 | D:15     | Killed a lich
 25304 | Shoals:1 | Entered Level 1 of the Shoals
 25374 | Shoals:1 | You fall into a shaft and drop 1 floor!
 25374 | Shoals:2 | Noticed a kraken
 25394 | Shoals:2 | Killed a kraken
 25463 | Shoals:2 | Reached skill level 15 in Axes
 25465 | Shoals:2 | Identified the +4 dagger of the Vase {freeze, Int+7}
 25505 | Shoals:2 | Identified the serpent talisman "Niahudd" {rElec rCorr
                  | Str-5 SInv}
 25505 | Shoals:2 | Noticed Aizul
 25520 | Shoals:2 | Killed Aizul
 26614 | Shoals:2 | Learned a level 2 spell: Blink
 26616 | Shoals:2 | Learned a level 1 spell: Apportation
 26941 | Shoals:1 | Noticed a kraken
 26965 | Shoals:1 | Killed a kraken
 28284 | Shoals:3 | Identified the +0 leather armour "Qonihivo" {rPois Dex+4}
 28851 | Shoals:4 | Entered Level 4 of the Shoals
 29319 | Shoals:4 | Reached skill level 10 in Evocations
 29582 | Shoals:4 | Reached XP level 17. HP: 123/137 MP: 27/27
 30020 | Shoals:4 | Got a barnacled rune of Zot
 30099 | Shoals:4 | Found an iron altar of Okawaru.
 30151 | Shoals:4 | Identified the +1 scale mail "Waagadd" {+Inv rC+}
 30488 | Snake:1  | Entered Level 1 of the Snake Pit
 30846 | Snake:1  | You fall into a shaft and drop 1 floor!
 30876 | Snake:2  | Identified the +9 quarterstaff of Ufem {heavy, rElec rN+
                  | Stlth+}
 30916 | Snake:2  | Reached skill level 10 in Armour
 31020 | Snake:2  | Found a glacial archway.
 31038 | IceCv    | Entered an ice cave
 31469 | IceCv    | Reached skill level 5 in Dodging
 31713 | Snake:2  | Reached skill level 15 in Invocations
 31713 | Snake:2  | Noticed Vashnia
 31716 | Snake:2  | Killed Vashnia
 31917 | Snake:2  | Identified the +1 helmet of the Vaults {rF+++ Will- Str+3
                  | Stlth-}
 33117 | Snake:3  | Reached XP level 18. HP: 127/147 MP: 29/29
 33783 | Snake:4  | Entered Level 4 of the Snake Pit
 35153 | Snake:4  | Got a serpentine rune of Zot
 35940 | Vaults:1 | Entered Level 1 of the Vaults
 36135 | Vaults:1 | Found Olyicw's Book Boutique.
 36384 | Vaults:1 | Reached skill level 15 in Fighting
 37078 | Vaults:1 | Found Qimo's Assorted Antiques.
 37681 | Vaults:2 | Reached XP level 19. HP: 144/155 MP: 31/31
 37834 | Vaults:2 | Reached skill level 1 in Shapeshifting
 38993 | Vaults:3 | Found a crumbling gateway.
 39028 | Desolati | Entered the Desolation of Salt
 39387 | Desolati | Got the Thoughts on the Lungs and Melanosis
 39406 | Desolati | Identified the ring of Ybedezea {rF+ rC- rCorr Int+3 SInv}
 39514 | Desolati | Identified the ring of Nioxt {rF+ MP+9 Str+7 Dex-4}
 39539 | Desolati | Identified the ring of the Doomed God {*Slow rPois rN+
                  | Int+6 SInv}
 39590 | Desolati | Identified the +1 orcbow "Goblin's Undoing" {drain, rPois
                  | rC- rN+ Str+3}
 39655 | Desolati | Identified the ring of Otri {rPois Slay+3}
 39721 | Desolati | Got Sif Muna's Parchment of Anemomancy and the Voyage
 39726 | Desolati | Identified the +3 sling of Tartarus {speed, rF+ rN+}
 39763 | Desolati | Got Suekh's Encyclopedia of Despair and Decomposition
 39766 | Desolati | Identified the +6 scimitar of Compound Interest {drain,
                  | rElec rPois Will+ Int+2}
 40119 | Desolati | Identified the +10 great sword of Disintegration {protect,
                  | Fly Will+ Stlth+}
 40301 | Desolati | Got the Anthology of Nival Mustering
 40833 | Vaults:3 | Reached XP level 20. HP: 118/164 MP: 32/32
 41570 | Vaults:3 | Found a staircase to the Crypt.
 42030 | Vaults:4 | Found Myddeg's Weapon Boutique.
 42173 | Vaults:4 | Reached skill level 5 in Shapeshifting
 43577 | Depths:1 | Entered Level 1 of the Depths
 43712 | Depths:1 | Found a shadowy altar of Dithmenos.
 43907 | Depths:1 | Found a gateway to Hell.
 44090 | Depths:1 | Found a hide-covered altar of Uskayaw.
 44172 | Depths:1 | Found a one-way gate to the infinite horrors of the Abyss.
 44414 | Depths:1 | Gained mutation: A meltable icy envelope protects you from
                  | harm. (AC +8) [demonic ancestry]
 44414 | Depths:1 | Reached XP level 21. HP: 173/173 MP: 34/34
 44432 | Depths:1 | Found a one-way gateway to a ziggurat.
 45149 | Depths:2 | Reached skill level 15 in Shields
 45652 | Depths:2 | Found a one-way gate leading to the halls of Pandemonium.
 45720 | Depths:2 | Identified the +1 sling "Alepp" {antimagic, rF++ rN+ Int+4
                  | Dex-4}
 45821 | Depths:2 | Identified the +5 plate armour "Imeilluatt" {+Inv Str+2}
 46575 | Depths:3 | Noticed a juggernaut
 46615 | Depths:3 | Killed a juggernaut
 46728 | Depths:3 | Noticed a golden dragon
 46759 | Depths:3 | Killed a golden dragon
 47717 | Depths:3 | Noticed a caustic shrike
 47732 | Depths:3 | Killed a caustic shrike
 47839 | Depths:3 | Noticed a golden dragon
 47849 | Depths:3 | Killed a golden dragon
 47893 | Depths:3 | Identified the amulet "Ugiyth" {Acrobat Dex+5}
 48006 | Depths:3 | Gained mutation: Your magical and physical power is
                  | slightly enhanced at high health. [demonic ancestry]
 48006 | Depths:3 | Reached XP level 22. HP: 109/184 MP: 36/36
 48413 | Depths:4 | Entered Level 4 of the Depths
 48592 | Depths:4 | Found a flickering gateway to a bazaar.
 48601 | Bazaar   | Entered a bazaar
 48601 | Bazaar   | Found Kiduofon's Assorted Antiques.
 48601 | Bazaar   | Found Zeqijoz's Antique Armour Shoppe.
 48601 | Bazaar   | Found Xurr's Armour Shop.
 48603 | Bazaar   | Found Jayt's General Store.
 48603 | Bazaar   | Found Seha's Book Boutique.
 48648 | Bazaar   | Bought a wand of mindburst (9) for 151 gold pieces
 48648 | Bazaar   | Bought a potion of haste for 120 gold pieces
 48669 | Bazaar   | Bought a scroll of fog for 120 gold pieces
 48669 | Bazaar   | Bought a scroll of immolation for 120 gold pieces
 48669 | Bazaar   | Bought a potion of curing for 90 gold pieces
 48780 | Depths:4 | Found a gate to the Realm of Zot.
 48987 | Depths:4 | Noticed a caustic shrike
 48988 | Depths:4 | Noticed a caustic shrike
 48988 | Depths:4 | Noticed a caustic shrike
 48994 | Depths:4 | Noticed a caustic shrike
 49001 | Depths:4 | Killed a caustic shrike
 49003 | Depths:4 | Killed a caustic shrike
 49003 | Depths:4 | Killed a caustic shrike
 49004 | Depths:4 | Reached skill level 10 in Shapeshifting
 49005 | Depths:4 | Killed a caustic shrike
 49458 | Depths:4 | Found Leukiclu's Mail-Order Catalogue.
 49864 | Elf:1    | Entered Level 1 of the Elven Halls
 50067 | Elf:1    | Found Logol's Distillery.
 50071 | Elf:1    | Bought 2 potions of haste for 340 gold pieces
 50071 | Elf:1    | Bought 2 potions of resistance for 340 gold pieces
 50071 | Elf:1    | Bought a potion of curing for 51 gold pieces
 50071 | Elf:1    | Bought 2 potions of curing for 102 gold pieces
 50373 | Elf:1    | You fall into a shaft and drop 1 floor!
 50637 | Elf:2    | Found a huge runed translucent gate.
 50638 | Elf:2    | Found a huge runed translucent gate.
 50641 | Elf:2    | Found a huge runed translucent gate.
 50642 | Elf:2    | Found a huge runed translucent gate.
 50643 | Elf:2    | Found a huge runed translucent gate.
 51120 | Elf:2    | Paralysed by an air elemental for 1 turns
 51401 | Elf:2    | Paralysed by an air elemental for 1 turns
 51822 | Elf:1    | Paralysed by an air elemental for 1 turns
 52083 | Elf:1    | Gained mutation: Your magical and physical power is
                  | enhanced at high health. [demonic ancestry]
 52083 | Elf:1    | Reached XP level 23. HP: 182/191 MP: 38/38
 52335 | Elf:3    | Entered Level 3 of the Elven Halls
 52698 | Elf:3    | Identified the +4 chain mail of the Sturgeon {Int+3}
 52896 | Elf:3    | Got the Elucidation of the Liminal Sphinx
 52948 | Elf:3    | Got the Grimoire of Horrid Calefaction
 52949 | Elf:3    | Identified the +4 battleaxe of Intuition {flame, rC- Str+6
                  | Int+3}
 53135 | Elf:3    | Paralysed by an air elemental for 1 turns
 53140 | Elf:3    | Paralysed by an air elemental for 1 turns
 53144 | Elf:3    | Paralysed by an air elemental for 1 turns
 53728 | Vaults:5 | Entered Level 5 of the Vaults
 53750 | Vaults:5 | Noticed a dread lich
 53780 | Vaults:5 | Identified the +4 robe of Free Expression {Dex+3}
 53780 | Vaults:5 | Noticed Boris
 53800 | Vaults:5 | Killed Boris
 53936 | Vaults:5 | Identified the amulet of Edgh {Acrobat rN+ Regen+ Stlth-}
 54032 | Vaults:5 | Identified the +9 war axe of Distant Shores {spect, rC+
                  | Int+3}
 54040 | Vaults:5 | Reached skill level 15 in Armour
 54177 | Vaults:5 | Reached skill level 10 in Dodging
 54307 | Vaults:5 | Found the +18 shield of the Gong {Loud rN+ Will+ rCorr
                  | EV-5}
 54461 | Vaults:5 | Gained mutation: Your magical and physical power is greatly
                  | enhanced at high health. [demonic ancestry]
 54461 | Vaults:5 | Reached XP level 24. HP: 194/201 MP: 38/38
 54467 | Vaults:5 | Noticed Jory
 54467 | Vaults:5 | Identified the ring of Morality {rF+ Int+6}
 54484 | Vaults:5 | Noticed a dread lich
 54489 | Vaults:5 | Killed Jory
 54494 | Vaults:5 | Killed a dread lich
 54517 | Vaults:5 | Killed a dread lich
 54671 | Vaults:5 | Identified the +1 leather armour of Soft Rains {-Cast
                  | +Blink rC- rN+++ Slay+2}
 54690 | Vaults:5 | Got the Treatise on Called Terrain
 54693 | Vaults:5 | Got a silver rune of Zot
 54713 | Vaults:5 | Identified the +3 falchion of the Muttering Jester
                  | {distort, MP+9 Stlth+}
 55701 | Slime:1  | Entered Level 1 of the Pits of Slime
 56032 | Slime:5  | Entered Level 5 of the Pits of Slime
 56081 | Slime:5  | Noticed the Royal Jelly
 56084 | Slime:5  | Killed the Royal Jelly
 56244 | Slime:5  | Found the +5 scythe "Finisher" {speed, execute}
 56250 | Slime:5  | Identified the granite talisman of Pride {*Slow rF+ rC+
                  | Stlth+}
 56323 | Slime:5  | Identified the ring "Plog" {MP+9 Str+4 Dex+5 Slay-6}
 56327 | Slime:5  | Got the Collected Works on Lethal Production
 56396 | Slime:5  | Identified the +1 plate armour of Jeallaj {Slay+2}
 56402 | Slime:5  | Identified the +1 long sword of Mabocaf {freeze, Dex+7}
 56403 | Slime:5  | Identified the +5 spear "Kaetu" {spect, Dex+4}
 56405 | Slime:5  | Got a slimy rune of Zot
 56467 | Slime:5  | Identified the staff of the Sheltering Lamprey {rN+ Will+
                  | Necro}
 57258 | Zig:1    | Entered Level 1 of a ziggurat
 57273 | Zig:2    | Entered Level 2 of a ziggurat
 57273 | Zig:2    | Found the +4 skin of Zhor {*Englaciate rC+++ SInv}
 57303 | Zig:3    | Entered Level 3 of a ziggurat
 57312 | Zig:3    | Gained mutation: You occasionally lose the ability to read
                  | scrolls when taking damage. [a shining eye]
 57315 | Zig:3    | Gained mutation: Armour fits poorly on your strangely
                  | shaped body. [a shining eye]
 57325 | Zig:3    | Identified the +1 shortbow of the Shifting Eel {elec,
                  | rElec}
 57329 | Zig:3    | Lost mutation: You occasionally lose the ability to read
                  | scrolls when taking damage. [potion of mutation]
 57329 | Zig:3    | Lost mutation: Armour fits poorly on your strangely shaped
                  | body. [potion of mutation]
 57329 | Zig:3    | Gained mutation: You are resistant to electric shocks.
                  | (rElec) [potion of mutation]
 57329 | Zig:3    | Gained mutation: Your spells are a little harder to cast,
                  | but a little more powerful. [potion of mutation]
 57339 | Zig:4    | Entered Level 4 of a ziggurat
 57387 | Zig:4    | Identified the +0 shortbow "Araimim" {heavy, rPois rCorr
                  | Str-5 Dex+7}
 57394 | Zig:5    | Entered Level 5 of a ziggurat
 57417 | Zig:5    | Identified the +0 great sword of the Bruised Invaders
                  | {flame, rF+ Int+3}
 57418 | Zig:5    | Identified the ring of Traps {rCorr Str+3 Dex+6}
 57436 | Zig:6    | Entered Level 6 of a ziggurat
 57479 | Zig:7    | Entered Level 7 of a ziggurat
 57507 | Zig:7    | Gained mutation: You are completely covered in slimy green
                  | scales. (AC +4, rPois) [demonic ancestry]
 57507 | Zig:7    | Reached XP level 25. HP: 182/210 MP: 34/39
 57549 | Zig:7    | Identified the amulet "Tas Rolo" {rElec rC++ rN+ Regen+
                  | Dex-4}
 57552 | Zig:7    | Identified the +6 quarterstaff "Zubabrot" {speed, rC+}
 57554 | Zig:7    | Gained mutation: You frequently emit foul miasma when
                  | damaged in melee. [demonic ancestry]
 57554 | Zig:7    | Reached XP level 26. HP: 217/217 MP: 39/39
 57563 | Zig:7    | Identified the +5 whip of Discord {elec, rPois}
 57585 | Zig:8    | Entered Level 8 of a ziggurat
 57730 | Zig:8    | Found the +3 salamander hide armour {Flames, rFlCloud rF++
                  | rC--}
 57768 | Zig:9    | Entered Level 9 of a ziggurat
 57779 | Zig:9    | Noticed an orb of fire
 57785 | Zig:9    | Gained mutation: Your body sometimes deteriorates upon
                  | taking damage. [an orb of fire]
 57789 | Zig:9    | Killed an orb of fire
 57793 | Zig:9    | Noticed an orb of fire
 57793 | Zig:9    | Noticed an orb of fire
 57793 | Zig:9    | Gained mutation: Your magical capacity is low. (-10% MP)
                  | [an orb of fire]
 57801 | Zig:9    | Gained mutation: Your body often deteriorates upon taking
                  | damage. [an orb of fire]
 57805 | Zig:9    | Killed an orb of fire
 57809 | Zig:9    | Killed an orb of fire
 57832 | Zig:9    | Got Mimang's Sophisticated Forbidden Insight
 57837 | Zig:9    | Got Bytz's Spellbook of Cursed Despicable Deeds
 57885 | Zig:10   | Entered Level 10 of a ziggurat
 58044 | Zig:10   | Noticed a royal mummy
 58045 | Zig:10   | Noticed a royal mummy
 58085 | Zig:10   | Killed a royal mummy
 58085 | Zig:10   | Killed a royal mummy
 58200 | Zig:10   | Identified the ring "Vimuv" {Fly rPois Str+6 Stlth-}
 58209 | Zig:10   | Got the Secrets of Orogeny
 58236 | Zig:11   | Entered Level 11 of a ziggurat
 58270 | Zig:11   | Found the +5 Lochaber axe {reach-cleave, Poleaxe ^Drain}
 58308 | Zig:11   | Gained mutation: Armour fits poorly on your strangely
                  | shaped body. [a neqoxec]
 58386 | Zig:11   | Identified the +5 falchion of the Distant Future {vamp,
                  | *Slow rElec Dex+4}
 58389 | Zig:11   | Identified the +3 leather armour of Compassion {rPois
                  | Str+3}
 58438 | Zig:12   | Entered Level 12 of a ziggurat
 58552 | Zig:12   | Identified the +1 glaive of Resumed Hostilities {heavy,
                  | *Rage rElec Will+ rCorr}
 58555 | Zig:12   | Identified the ring "Fiul" {^Contam rPois Int-2 SInv
                  | Stlth+}
 58569 | Zig:12   | Identified the ring of Satisfaction {rPois rC+ Will+ Int-3}
 58613 | Zig:13   | Entered Level 13 of a ziggurat
 58764 | Zig:13   | Identified the staff "Ecwaj" {rElec Dex+2 Stlth+ Conj Air}
 58772 | Zig:13   | Identified the +1 dagger "Vethroh" {flame, Str+2}
 58806 | Zig:14   | Entered Level 14 of a ziggurat
 58907 | Zig:14   | Identified the staff "Ziwefesie" {rPois Str+3 SInv Alchemy}
 58930 | Zig:15   | Entered Level 15 of a ziggurat
 59189 | Zig:15   | Identified the +1 battleaxe "Gram" {antimagic, rC+}
 59214 | Zig:15   | Identified the +4 scimitar of Lojes {antimagic, rN+ rCorr}
 59216 | Zig:15   | Identified the +8 quarterstaff "Mivis" {pain, *Corrode
                  | rPois Will- Stlth+}
 59264 | Zig:16   | Entered Level 16 of a ziggurat
 59339 | Zig:16   | Reached XP level 27. HP: 169/227 MP: 28/35
 59550 | Zig:16   | Identified the +0 pair of gloves "Xedgho Jualo" {rCorr}
 59579 | Zig:17   | Entered Level 17 of a ziggurat
 59987 | Zig:17   | Identified the +0 demon blade "Ronoemuf" {pain, ^Contam
                  | rCorr Dex+3}
 60355 | Vaults:1 | Bought a scroll of fear for 160 gold pieces
 60355 | Vaults:1 | Bought a potion of curing for 120 gold pieces
 60355 | Vaults:1 | Bought a scroll of fog for 160 gold pieces
 60355 | Vaults:1 | Bought a scroll of revelation for 300 gold pieces
 60405 | Crypt:1  | Entered Level 1 of the Crypt
 60872 | Crypt:1  | Found a runed translucent gate.
 60877 | Crypt:1  | Found a runed translucent gate.
 60878 | Crypt:1  | Found a runed translucent gate.
 60918 | Crypt:1  | Noticed Dome's ghost (veteran DsSu)
 61300 | Crypt:1  | Killed Dome's ghost
 61396 | Crypt:2  | Reached skill level 15 in Shapeshifting
 62366 | Crypt:3  | Entered Level 3 of the Crypt
 62399 | Crypt:3  | Noticed Khufu
 62410 | Crypt:3  | Killed Khufu
 62797 | Crypt:3  | Found an ancient bone altar of Kikubaaqudgha.
 62878 | Crypt:3  | Noticed Margery
 62888 | Crypt:3  | Killed Margery
 63021 | Crypt:3  | Noticed Xtahua
 63031 | Crypt:3  | Killed Xtahua
 63320 | Crypt:3  | Noticed an ancient lich
 63325 | Crypt:3  | Killed an ancient lich
 63326 | Crypt:3  | Found a staircase to the Tomb.
 63376 | Crypt:3  | Got the Elucidation of Evil
 63403 | Crypt:3  | Identified the +1 shortbow of Malaise {drain, *Slow Fly
                  | rCorr Int+2}
 63519 | Crypt:3  | Identified the amulet of Cheibriados's Approval {Regen+
                  | RegenMP+ Str+3}
 63519 | Crypt:3  | Identified the ring "Qidd" {*Slow +Blink rPois rN+ Slay+5}
 63519 | Crypt:3  | Identified the ring "Paray" {rC+ rN++}
 64269 | Zot:1    | Entered Level 1 of the Realm of Zot
 64433 | Zot:1    | Identified the +6 quarterstaff of the Ninety-Nine Tales
                  | {spect, *Rage rC+ Int+3}
 64853 | Zot:2    | Found a transporter.
 64912 | Zot:2    | Identified the +0 cloak of Light {rF+ Will+}
 64914 | Zot:2    | Identified the +0 cloak of Foolhardiness {Will+}
 64917 | Zot:2    | Found a bloodstained altar of Trog.
 64929 | Zot:2    | Noticed Wadir's ghost (veteran MiBe)
 64939 | Zot:2    | Found a transporter.
 65084 | Zot:2    | Identified the +0 leather armour "Quuluyt" {Fly rF+}
 65261 | Zot:2    | Reached skill level 27 in Invocations
 65803 | Zot:2    | Reached skill level 15 in Dodging
 66477 | Zot:3    | Noticed an orb of fire
 66487 | Zot:3    | Killed an orb of fire
 67612 | Zot:4    | Identified the +1 leather armour "Fom Notu" {Dex+3}
 67750 | Zot:4    | Reached skill level 1 in Stealth
 68242 | Zot:4    | Found a huge runed translucent gate.
 68242 | Zot:4    | Found a huge runed translucent gate.
 68242 | Zot:4    | Found a huge runed translucent gate.
 68242 | Zot:4    | Found a huge runed translucent gate.
 68242 | Zot:4    | Found a huge runed translucent gate.
 68242 | Zot:4    | Found a huge runed translucent gate.
 68266 | Zot:4    | Noticed Grunn
 68276 | Zot:4    | Killed Grunn
 68277 | Zot:4    | Found a huge runed translucent gate.
 68281 | Zot:4    | Noticed a dread lich
 68292 | Zot:4    | Noticed an ancient lich
 68295 | Zot:4    | Found a huge runed translucent gate.
 68462 | Zot:4    | Found a huge runed translucent gate.
 68463 | Zot:4    | Found a huge runed translucent gate.
 68464 | Zot:4    | Found a huge runed translucent gate.
 68464 | Zot:4    | Noticed an ancient lich
 68465 | Zot:4    | Found a huge runed translucent gate.
 68465 | Zot:4    | Noticed an ancient lich
 68466 | Zot:4    | Found a huge runed translucent gate.
 68467 | Zot:4    | Found a huge runed translucent gate.
 68468 | Zot:4    | Found a huge runed translucent gate.
 68469 | Zot:4    | Found a huge runed translucent gate.
 68469 | Zot:4    | Found a huge runed translucent gate.
 68469 | Zot:4    | Found a huge runed translucent gate.
 68469 | Zot:4    | Found a huge runed translucent gate.
 68469 | Zot:4    | Found a huge runed translucent gate.
 68795 | Zot:4    | Found a huge runed translucent gate.
 68795 | Zot:4    | Found a huge runed translucent gate.
 68795 | Zot:4    | Found a huge runed translucent gate.
 68795 | Zot:4    | Found a huge runed translucent gate.
 68796 | Zot:4    | Found a huge runed translucent gate.
 68796 | Zot:4    | Found a huge runed translucent gate.
 68796 | Zot:4    | Found a huge runed translucent gate.
 68796 | Zot:4    | Found a huge runed translucent gate.
 68797 | Zot:4    | Found a huge runed translucent gate.
 68797 | Zot:4    | Found a huge runed translucent gate.
 68797 | Zot:4    | Found a huge runed translucent gate.
 68797 | Zot:4    | Found a huge runed translucent gate.
 68797 | Zot:4    | Found a huge runed translucent gate.
 68797 | Zot:4    | Found a huge runed translucent gate.
 68819 | Zot:4    | Found a huge runed translucent gate.
 68821 | Zot:4    | Found a huge runed translucent gate.
 69038 | Zot:4    | Killed an ancient lich
 69039 | Zot:4    | Killed an ancient lich
 69039 | Zot:4    | Killed a dread lich
 69040 | Zot:4    | Killed an ancient lich
 69689 | D:8      | Killed draino's ghost
 69906 | Hell     | Entered the Vestibule of Hell
 69906 | Hell     | Noticed Geryon
 69943 | Hell     | Killed Geryon
 70583 | Hell     | Reached skill level 5 in Stealth
 70668 | Hell     | Found a gateway to the Iron City of Dis.
 70697 | Hell     | Found a gateway to the ashen valley of Gehenna.
 70819 | Hell     | Found a gateway to the freezing wastes of Cocytus.
 70855 | Hell     | Found a gateway to the decaying netherworld of Tartarus.
 70979 | Geh:1    | Entered Level 1 of Gehenna
 71904 | Geh:3    | You fall into a shaft and drop 1 floor!
 72554 | Geh:6    | Noticed an ancient lich
 72570 | Geh:6    | Killed an ancient lich
 72621 | Geh:7    | Entered Level 7 of Gehenna
 73582 | Geh:7    | Identified the staff "Adief" {^Fragile rElec rF+ Str+3
                  | Int+2 Fire}
 73597 | Geh:7    | Noticed the Serpent of Hell
 73620 | Geh:7    | Killed the Serpent of Hell
 73883 | Geh:7    | Identified the ring "Acwam" {Wiz *Slow +Blink Int+2 SInv}
 74219 | Geh:7    | Found the +13 sceptre of Asmodeus
 74219 | Geh:7    | Noticed Asmodeus
 74239 | Geh:7    | Killed Asmodeus
 74279 | Geh:7    | Identified the amulet of Atheism {rF+ rN+ RegenMP+ Dex+4}
 74287 | Geh:7    | Got the Incunable of Feathery Takwin
 74292 | Geh:7    | Identified the +3 arbalest of Ipullokhla {elec, rC+ Str-2
                  | Int+2 Stlth+}
 74299 | Geh:7    | Got an obsidian rune of Zot
 75097 | Tar:1    | Entered Level 1 of Tartarus
 76203 | Tar:5    | Noticed a dread lich
 76214 | Tar:5    | Killed a dread lich
 76217 | Tar:5    | Reached skill level 10 in Stealth
 76523 | Tar:7    | Entered Level 7 of Tartarus
 76718 | Tar:7    | Noticed a dread lich
 76751 | Tar:7    | Killed a dread lich
 76840 | Tar:7    | Identified the amulet "Ruamuih" {Reflect rElec rPois Int+2
                  | Slay+3 SH+5}
 76841 | Tar:7    | Identified the ring "Xicviho Ytai" {rPois Will+ Str+2}
 77356 | Tar:7    | Noticed Ereshkigal
 77364 | Tar:7    | Killed Ereshkigal
 77417 | Tar:7    | Got a bone rune of Zot
 77607 | Dis:1    | Entered Level 1 of the Iron City of Dis
 77774 | Dis:1    | Noticed a dread lich
 77780 | Dis:1    | Killed a dread lich
 77782 | Dis:1    | Noticed a dread lich
 77785 | Dis:1    | Killed a dread lich
 77785 | Dis:1    | Noticed a dread lich
 77801 | Dis:1    | Killed a dread lich
 78284 | Dis:3    | Found a huge runed translucent gate.
 78284 | Dis:3    | Found a huge runed translucent gate.
 78285 | Dis:3    | Found a huge runed translucent gate.
 78285 | Dis:3    | Found a huge runed translucent gate.
 78285 | Dis:3    | Found a huge runed translucent gate.
 78285 | Dis:3    | Found a huge runed translucent gate.
 78285 | Dis:3    | Found a huge runed translucent gate.
 78286 | Dis:3    | Found a huge runed translucent gate.
 78286 | Dis:3    | Found a huge runed translucent gate.
 78286 | Dis:3    | Found a huge runed translucent gate.
 78286 | Dis:3    | Found a huge runed translucent gate.
 78286 | Dis:3    | Found a huge runed translucent gate.
 78312 | Dis:3    | Found a huge runed translucent gate.
 78312 | Dis:3    | Found a huge runed translucent gate.
 78312 | Dis:3    | Found a huge runed translucent gate.
 78313 | Dis:3    | Found a huge runed translucent gate.
 78314 | Dis:3    | Found a huge runed translucent gate.
 78316 | Dis:3    | Found a huge runed translucent gate.
 78318 | Dis:3    | Found a huge runed translucent gate.
 78458 | Dis:4    | Noticed an ancient lich
 79004 | Dis:7    | Entered Level 7 of the Iron City of Dis
 79148 | Dis:7    | Identified the ring "Xabadaha" {Fly Str+6 Dex+3}
 79186 | Dis:7    | Reached skill level 15 in Stealth
 79506 | Dis:7    | Noticed a juggernaut
 79517 | Dis:7    | Killed a juggernaut
 79523 | Dis:7    | Noticed a juggernaut
 79538 | Dis:7    | Killed a juggernaut
 79541 | Dis:7    | Noticed a juggernaut
 79554 | Dis:7    | Killed a juggernaut
 80873 | Dis:7    | Noticed Dispater
 80887 | Dis:7    | Killed Dispater
 80908 | Dis:7    | Got an iron rune of Zot
 81091 | Coc:1    | Entered Level 1 of Cocytus
 81296 | Coc:3    | Paralysed by a wendigo for 1 turns
 81833 | Coc:3    | HP: 12/242 [wendigo/seracfall (32)]
 82292 | Pan      | Entered Pandemonium
 82686 | Pan      | Gained mutation: You occasionally lose the ability to drink
                  | potions when taking damage. [a neqoxec]
 82767 | Pan      | Lost mutation: Your body often deteriorates upon taking
                  | damage. [potion of mutation]
 82767 | Pan      | Lost mutation: You occasionally lose the ability to drink
                  | potions when taking damage. [potion of mutation]
 82767 | Pan      | Lost mutation: Your spells are a little harder to cast, but
                  | a little more powerful. [potion of mutation]
 82767 | Pan      | Gained mutation: You occasionally lose the ability to drink
                  | potions when taking damage. [potion of mutation]
 82837 | Pan      | Noticed Geeserum the pandemonium lord
 82838 | Pan      | Entered the realm of Gloorx Vloq.
 82971 | Pan      | Noticed Mennas
 82972 | Pan      | Killed Mennas
 83760 | Pan      | Noticed Gloorx Vloq
 83770 | Pan      | Killed Gloorx Vloq
 83785 | Pan      | Got a dark rune of Zot
 83919 | Pan      | Entered the realm of Mnoleg.
 83942 | Pan      | Gained mutation: You do not regenerate when monsters are
                  | visible. [a cacodemon]
 83997 | Pan      | Gained mutation: You occasionally lose the ability to read
                  | scrolls when taking damage. [a cacodemon]
 84002 | Pan      | Gained mutation: You are dopey. (Int -2) [a neqoxec]
 84258 | Pan      | Gained mutation: You are vulnerable to heat. (rF-) [a
                  | cacodemon]
 84424 | Pan      | Gained mutation: You sometimes lose the ability to drink
                  | potions when taking damage. [a cacodemon]
 84705 | Pan      | Gained mutation: You have hidden genetic defects. [a
                  | cacodemon]
 84711 | Pan      | Noticed Mnoleg
 84719 | Pan      | Killed Mnoleg
 84748 | Pan      | Gained mutation: You sometimes lose your temper in combat.
                  | [a cacodemon]
 84776 | Pan      | Gained mutation: You are weak. (Str -2) [a shining eye]
 84779 | Pan      | Gained mutation: Your magical capacity is very low. (-20%
                  | MP) [a shining eye]
 84851 | Pan      | Got a glowing rune of Zot
 84992 | Pan      | Lost mutation: You are dopey. (Int -2) [potion of mutation]
 84992 | Pan      | Lost mutation: You are resistant to electric shocks.
                  | (rElec) [potion of mutation]
 84992 | Pan      | Lost mutation: You have hidden genetic defects. [potion of
                  | mutation]
 84992 | Pan      | Lost mutation: You are vulnerable to heat. (rF-) [potion of
                  | mutation]
 84992 | Pan      | Gained mutation: You are somewhat resistant to further
                  | mutation. [potion of mutation]
 84992 | Pan      | Gained mutation: You are strong-willed. (Will+) [potion of
                  | mutation]
 84993 | Pan      | Lost mutation: Your body sometimes deteriorates upon taking
                  | damage. [potion of mutation]
 84993 | Pan      | Lost mutation: You occasionally lose the ability to read
                  | scrolls when taking damage. [potion of mutation]
 84993 | Pan      | Lost mutation: You are somewhat resistant to further
                  | mutation. [potion of mutation]
 84993 | Pan      | Gained mutation: Your mind is acute. (Int +4, Str/Dex -1)
                  | [potion of mutation]
 84994 | Pan      | Lost mutation: You are weak. (Str -2) [potion of mutation]
 84994 | Pan      | Lost mutation: You sometimes lose the ability to drink
                  | potions when taking damage. [potion of mutation]
 84994 | Pan      | Lost mutation: Your magical capacity is very low. (-20% MP)
                  | [potion of mutation]
 84994 | Pan      | Gained mutation: Your mind is very acute. (Int +8, Str/Dex
                  | -2) [potion of mutation]
 84994 | Pan      | Gained mutation: You have sharp fingernails. [potion of
                  | mutation]
 84995 | Pan      | Lost mutation: You sometimes lose your temper in combat.
                  | [potion of mutation]
 84995 | Pan      | Lost mutation: You do not regenerate when monsters are
                  | visible. [potion of mutation]
 84995 | Pan      | Lost mutation: Your magical capacity is low. (-10% MP)
                  | [potion of mutation]
 84995 | Pan      | Gained mutation: Your flesh is heat resistant. (rF+)
                  | [potion of mutation]
 84995 | Pan      | Gained mutation: Your muscles are strong. (Str +4, Int/Dex
                  | -1) [potion of mutation]
 84996 | Pan      | Lost mutation: You are strong-willed. (Will+) [potion of
                  | mutation]
 84996 | Pan      | Lost mutation: Your muscles are strong. (Str +4, Int/Dex
                  | -1) [potion of mutation]
 84996 | Pan      | Lost mutation: Your flesh is heat resistant. (rF+) [potion
                  | of mutation]
 84996 | Pan      | Gained mutation: Your flesh is cold resistant. (rC+)
                  | [potion of mutation]
 84997 | Pan      | Lost mutation: Armour fits poorly on your strangely shaped
                  | body. [potion of mutation]
 84997 | Pan      | Lost mutation: Your flesh is cold resistant. (rC+) [potion
                  | of mutation]
 84997 | Pan      | Gained mutation: Your spells are a little harder to cast,
                  | but a little more powerful. [potion of mutation]
 84997 | Pan      | Gained mutation: You occasionally lose the ability to read
                  | scrolls when taking damage. [potion of mutation]
 84998 | Pan      | Lost mutation: Your mind is very acute. (Int +8, Str/Dex
                  | -2) [potion of mutation]
 84998 | Pan      | Lost mutation: Your spells are a little harder to cast, but
                  | a little more powerful. [potion of mutation]
 84998 | Pan      | Gained mutation: Your magical capacity is low. (-10% MP)
                  | [potion of mutation]
 84998 | Pan      | Gained mutation: You expend magic power (3 MP) to
                  | strengthen your wands. [potion of mutation]
 84998 | Pan      | Gained mutation: Your spells are a little harder to cast,
                  | but a little more powerful. [potion of mutation]
 84999 | Pan      | Lost mutation: You occasionally lose the ability to read
                  | scrolls when taking damage. [potion of mutation]
 84999 | Pan      | Lost mutation: Your spells are a little harder to cast, but
                  | a little more powerful. [potion of mutation]
 84999 | Pan      | Lost mutation: Your mind is acute. (Int +4, Str/Dex -1)
                  | [potion of mutation]
 84999 | Pan      | Gained mutation: Your mind is acute. (Int +4, Str/Dex -1)
                  | [potion of mutation]
 84999 | Pan      | Gained mutation: You have a pair of small horns on your
                  | head. [potion of mutation]
 84999 | Pan      | Gained mutation: You have supernaturally acute eyesight.
                  | (SInv) [potion of mutation]
 85202 | Pan      | Gained mutation: You have hidden genetic defects. [a
                  | cacodemon]
 85352 | Pan      | Noticed Ryoch the pandemonium lord
 85391 | Pan      | Killed Ryoch the pandemonium lord
 85745 | Pan      | Gained mutation: Armour fits poorly on your strangely
                  | shaped body. [hidden defects]
 85753 | Pan      | Identified the ring of Gakhlaru {Fire ^Drain rElec rCorr
                  | Stlth+}
 85753 | Pan      | Noticed a seraph
 85756 | Pan      | Killed a seraph
 85770 | Pan      | Got a demonic rune of Zot
 86709 | Pan      | Gained mutation: You occasionally lose the ability to read
                  | scrolls when taking damage. [hidden defects]
 86709 | Pan      | Lost mutation: You have hidden genetic defects. [hidden
                  | defects expressed]
 86714 | Pan      | Lost mutation: You have supernaturally acute eyesight.
                  | (SInv) [potion of mutation]
 86714 | Pan      | Lost mutation: You have a pair of small horns on your head.
                  | [potion of mutation]
 86714 | Pan      | Lost mutation: You expend magic power (3 MP) to strengthen
                  | your wands. [potion of mutation]
 86715 | Pan      | Lost mutation: Armour fits poorly on your strangely shaped
                  | body. [potion of mutation]
 86715 | Pan      | Lost mutation: You occasionally lose the ability to read
                  | scrolls when taking damage. [potion of mutation]
 86715 | Pan      | Gained mutation: You have a somewhat thin skeletal
                  | structure. (Dex +2, Stealth+) [potion of mutation]
 86757 | Pan      | Reached skill level 27 in Fighting
 87614 | Pan      | Found an exit through the horrors of the Abyss.
 87633 | Pan      | Gained mutation: You sometimes lose your temper in combat.
                  | [a cacodemon]
 87642 | Pan      | Gained mutation: You occasionally shout uncontrollably at
                  | your foes. [a cacodemon]
 87652 | Pan      | Gained mutation: You sometimes lose the ability to drink
                  | potions when taking damage. [a cacodemon]
 87655 | Pan      | Gained mutation: You are occasionally teleported next to
                  | monsters. [a cacodemon]
 87667 | Pan      | Lost mutation: You have sharp fingernails. [potion of
                  | mutation]
 87667 | Pan      | Lost mutation: You sometimes lose the ability to drink
                  | potions when taking damage. [potion of mutation]
 87667 | Pan      | Lost mutation: Your mind is acute. (Int +4, Str/Dex -1)
                  | [potion of mutation]
 87667 | Pan      | Gained mutation: Your system is resistant to poisons.
                  | (rPois) [potion of mutation]
 87667 | Pan      | Gained mutation: You are strong-willed. (Will+) [potion of
                  | mutation]
 87668 | Pan      | Lost mutation: You have a somewhat thin skeletal structure.
                  | (Dex +2, Stealth+) [potion of mutation]
 87668 | Pan      | Lost mutation: You are occasionally teleported next to
                  | monsters. [potion of mutation]
 87668 | Pan      | Lost mutation: Your magical capacity is low. (-10% MP)
                  | [potion of mutation]
 87668 | Pan      | Gained mutation: You are agile. (Dex +4, Str/Int -1)
                  | [potion of mutation]
 87668 | Pan      | Gained mutation: Your spells are a little harder to cast,
                  | but a little more powerful. [potion of mutation]
 87698 | Pan      | Noticed Epsu the pandemonium lord
 87702 | Pan      | Killed Epsu the pandemonium lord
 88092 | Pan      | Noticed Hiuk the pandemonium lord
 88095 | Pan      | Killed Hiuk the pandemonium lord
 88528 | Pan      | Entered the realm of Lom Lobon.
 89391 | Pan      | Noticed Lom Lobon
 89392 | Pan      | Killed Lom Lobon
 89437 | Pan      | Got a magical rune of Zot
 89590 | Pan      | Found an exit through the horrors of the Abyss.
 89654 | Pan      | Entered the realm of Cerebov.
 89773 | Pan      | Found an exit through the horrors of the Abyss.
 89963 | Pan      | Found a corrupted altar of Lugonu.
 90105 | Pan      | Identified the ring of Isenel {Slay+4 SInv Stlth+}
 90157 | Pan      | Identified the orb "Simaumn" {*Rage, Str+5}
 90522 | Pan      | Found the +6 sword of Cerebov {flame}
 90522 | Pan      | Noticed Cerebov
 90551 | Pan      | Killed Cerebov
 90600 | Pan      | Identified the +1 helmet of Abstinence {rF+ rC++}
 90602 | Pan      | Got a fiery rune of Zot
 90611 | Pan      | Identified the +2 helmet of Vermicelli {*Slow Str+5}
 91224 | Pan      | Took an exit into the Abyss.
 91224 | Abyss:1  | Escaped into the Abyss
 91224 | Abyss:1  | Found a corrupted altar of Lugonu.
 91233 | Abyss:1  | Found a corrupted altar of Lugonu.
 91804 | Abyss:2  | Found a corrupted altar of Lugonu.
 91870 | Abyss:2  | Gained mutation: You are weak. (Str -2) [a cacodemon]
 92053 | Abyss:2  | Found a blossoming altar of Fedhas.
 92086 | Abyss:2  | Found a blossoming altar of Fedhas.
 92086 | Abyss:2  | Found a blossoming altar of Fedhas.
 92183 | Abyss:2  | Found a corrupted altar of Lugonu.
 92185 | Abyss:2  | Found a corrupted altar of Lugonu.
 92185 | Abyss:2  | Found a corrupted altar of Lugonu.
 92199 | Abyss:3  | Found a corrupted altar of Lugonu.
 92284 | Abyss:4  | Got an abyssal rune of Zot
 92375 | Depths:2 | Escaped the Abyss
 92560 | D:8      | Bought a scroll of enchant armour for 112 gold pieces
 92929 | Zot:3    | Lost mutation: You are strong-willed. (Will+) [potion of
                  | mutation]
 92929 | Zot:3    | Lost mutation: You are agile. (Dex +4, Str/Int -1) [potion
                  | of mutation]
 92929 | Zot:3    | Gained mutation: You have a pair of small horns on your
                  | head. [potion of mutation]
 92929 | Zot:3    | Lost mutation: You are weak. (Str -2) [potion of mutation]
 92930 | Zot:3    | Lost mutation: Your spells are a little harder to cast, but
                  | a little more powerful. [potion of mutation]
 92930 | Zot:3    | Lost mutation: You have a pair of small horns on your head.
                  | [potion of mutation]
 92930 | Zot:3    | Lost mutation: Your system is resistant to poisons. (rPois)
                  | [potion of mutation]
 92930 | Zot:3    | Gained mutation: Your body sometimes deteriorates upon
                  | taking damage. [potion of mutation]
 92930 | Zot:3    | Gained mutation: Your system is resistant to poisons.
                  | (rPois) [potion of mutation]
 92931 | Zot:3    | Lost mutation: You occasionally lose the ability to drink
                  | potions when taking damage. [potion of mutation]
 92931 | Zot:3    | Lost mutation: You sometimes lose your temper in combat.
                  | [potion of mutation]
 92931 | Zot:3    | Lost mutation: Your body sometimes deteriorates upon taking
                  | damage. [potion of mutation]
 92931 | Zot:3    | Gained mutation: You occasionally lose the ability to read
                  | scrolls when taking damage. [potion of mutation]
 92931 | Zot:3    | Gained mutation: You are clumsy. (Dex -2) [potion of
                  | mutation]
 92931 | Zot:3    | Gained mutation: Your spells are a little easier to cast,
                  | but a little less powerful. [potion of mutation]
 94038 | Coc:4    | Paralysed by a wendigo for 1 turns
 96347 | Tomb:1   | Entered Level 1 of the Tomb of the Ancients
 97096 | Tomb:1   | Reached skill level 15 in Evocations
 98122 | Tomb:1   | Noticed a royal mummy
 98140 | Tomb:1   | Killed a royal mummy
 98683 | Tomb:1   | Lost mutation: You occasionally shout uncontrollably at
                  | your foes. [potion of mutation]
 98683 | Tomb:1   | Lost mutation: Your spells are a little easier to cast, but
                  | a little less powerful. [potion of mutation]
 98683 | Tomb:1   | Gained mutation: You have supernaturally acute eyesight.
                  | (SInv) [potion of mutation]
 98683 | Tomb:1   | Gained mutation: You are very clumsy. (Dex -4) [potion of
                  | mutation]
 98690 | Tomb:1   | Lost mutation: You are very clumsy. (Dex -4) [potion of
                  | mutation]
 98690 | Tomb:1   | Lost mutation: You occasionally lose the ability to read
                  | scrolls when taking damage. [potion of mutation]
 98690 | Tomb:1   | Lost mutation: You have supernaturally acute eyesight.
                  | (SInv) [potion of mutation]
 98690 | Tomb:1   | Gained mutation: You are strong-willed. (Will+) [potion of
                  | mutation]
 98954 | Tomb:1   | Noticed a royal mummy
 98954 | Tomb:1   | Noticed a royal mummy
 98961 | Tomb:1   | Killed a royal mummy
 98965 | Tomb:1   | Killed a royal mummy
 98965 | Tomb:1   | Noticed a royal mummy
 98967 | Tomb:1   | Killed a royal mummy
 98967 | Tomb:1   | Noticed a royal mummy
 98978 | Tomb:1   | Killed a royal mummy
 99121 | Tomb:1   | Noticed a royal mummy
 99124 | Tomb:1   | Noticed a royal mummy
 99132 | Tomb:1   | Killed a royal mummy
 99139 | Tomb:1   | Killed a royal mummy
 99143 | Tomb:1   | Noticed a royal mummy
 99144 | Tomb:1   | Killed a royal mummy
 99176 | Tomb:1   | Noticed a royal mummy
 99193 | Tomb:1   | Killed a royal mummy
 99195 | Tomb:1   | Noticed a royal mummy
 99254 | Tomb:1   | Killed a royal mummy
 99254 | Tomb:1   | Noticed a royal mummy
 99285 | Tomb:1   | Killed a royal mummy
 99384 | Tomb:1   | Noticed a royal mummy
 99398 | Tomb:1   | Killed a royal mummy
 99487 | Tomb:1   | Noticed a royal mummy
 99496 | Tomb:1   | Killed a royal mummy
 99701 | Tomb:1   | Noticed a royal mummy
 99722 | Tomb:1   | Killed a royal mummy
 99887 | Tomb:1   | Noticed a royal mummy
 99902 | Tomb:1   | Killed a royal mummy
100205 | Tomb:1   | Noticed a royal mummy
100220 | Tomb:1   | Killed a royal mummy
100264 | Tomb:1   | Noticed a royal mummy
100277 | Tomb:1   | Killed a royal mummy
100441 | Tomb:2   | Noticed a royal mummy
100443 | Tomb:2   | Noticed a royal mummy
100450 | Tomb:2   | Noticed a royal mummy
101561 | Tomb:3   | Entered Level 3 of the Tomb of the Ancients
101570 | Tomb:3   | Noticed a royal mummy
101570 | Tomb:3   | Noticed a royal mummy
101587 | Tomb:3   | Killed a royal mummy
101587 | Tomb:3   | Killed a royal mummy
101588 | Tomb:3   | Noticed a royal mummy
101590 | Tomb:3   | Noticed a royal mummy
101605 | Tomb:3   | Killed a royal mummy
101605 | Tomb:3   | Killed a royal mummy
101620 | Tomb:3   | Noticed a royal mummy
101628 | Tomb:3   | Paralysed by a Zot trap for 2 turns
101631 | Tomb:3   | Gained mutation: You are frail. (-10% HP) [mutagenic glow]
101632 | Tomb:3   | Killed a royal mummy
101649 | Tomb:3   | Noticed a royal mummy
101650 | Tomb:3   | Noticed a royal mummy
101650 | Tomb:3   | Killed a royal mummy
101660 | Tomb:3   | Gained mutation: Armour fits poorly on your strangely
                  | shaped body. [mutagenic glow]
101666 | Tomb:3   | Noticed a royal mummy
101671 | Tomb:3   | Killed a royal mummy
101673 | Tomb:3   | Killed a royal mummy
101688 | Tomb:3   | Noticed a royal mummy
101689 | Tomb:3   | Killed a royal mummy
101902 | Tomb:3   | Identified the +7 great sword "Nool" {flame, Will+}
101908 | Tomb:3   | Identified the +0 chain mail "Jaobuxt" {rF+}
101959 | Tomb:3   | Identified the +1 sling of the Eel {antimagic, rC+ Will-
                  | Dex+3}
102005 | Tomb:3   | Got the Thoughts on Fiery Malediction
102085 | Tomb:3   | Got a golden rune of Zot
102194 | Tomb:3   | Identified the +0 helmet "Saim" {rPois Int+3 SInv}
102243 | Tomb:3   | Identified the +1 flail "Neilem" {flame, Dex+3}
102262 | Tomb:3   | Identified the +5 long sword "Woptegh" {drain, rCorr
                  | Stlth+}
103043 | D:11     | Bought the +0 helmet "Dilajyll" {rElec Dex+5} for 435 gold
                  | pieces
103985 | Coc:7    | Entered Level 7 of Cocytus
104173 | Coc:7    | Paralysed by a wendigo for 1 turns
104614 | Coc:7    | Paralysed by a wendigo for 1 turns
104722 | Coc:7    | Reached skill level 27 in Armour
104757 | Coc:7    | Paralysed by a wendigo for 1 turns
105092 | Coc:7    | Noticed Antaeus
105102 | Coc:7    | Killed Antaeus
105112 | Coc:7    | Got an icy rune of Zot
105482 | Zot:5    | Entered Level 5 of the Realm of Zot
106059 | Zot:5    | Noticed an ancient lich
106070 | Zot:5    | Killed an ancient lich
106072 | Zot:5    | Noticed a dread lich
106103 | Zot:5    | Killed a dread lich
106280 | Zot:5    | Noticed an orb of fire
106281 | Zot:5    | Noticed an orb of fire
106282 | Zot:5    | Gained mutation: You are dopey. (Int -2) [an orb of fire]
106325 | Zot:5    | Noticed an orb of fire
106332 | Zot:5    | Killed an orb of fire
106340 | Zot:5    | Killed an orb of fire
106349 | Zot:5    | Killed an orb of fire
106349 | Zot:5    | Noticed an orb of fire
106370 | Zot:5    | Killed an orb of fire
106377 | Zot:5    | Noticed an orb of fire
106392 | Zot:5    | Gained mutation: Your health recovers twice as slowly from
                  | being drained. [an orb of fire]
106397 | Zot:5    | Killed an orb of fire
106433 | Zot:5    | Noticed a dread lich
106434 | Zot:5    | Noticed a dread lich
106434 | Zot:5    | Noticed an orb of fire
106434 | Zot:5    | Paralysed by a dread lich for 4 turns
106458 | Zot:5    | Killed a dread lich
106473 | Zot:5    | Killed an orb of fire
106486 | Zot:5    | Killed a dread lich
106503 | Zot:5    | Noticed an orb of fire
106505 | Zot:5    | Gained mutation: You occasionally shout uncontrollably at
                  | your foes. [an orb of fire]
106510 | Zot:5    | Noticed an orb of fire
106514 | Zot:5    | Gained mutation: You are very frail. (-20% HP) [an orb of
                  | fire]
106522 | Zot:5    | Noticed an orb of fire
106523 | Zot:5    | Killed an orb of fire
106527 | Zot:5    | Killed an orb of fire
106529 | Zot:5    | Killed an orb of fire
106843 | Zot:5    | Noticed an orb of fire
106848 | Zot:5    | Killed an orb of fire
106885 | Zot:5    | Reached skill level 27 in Shields
106991 | Zot:5    | Noticed a dread lich
107001 | Zot:5    | Killed a dread lich
107121 | Zot:5    | Got the Orb of Zot
107144 | Zot:5    | Noticed Inuca the pandemonium lord
107375 | D:15     | Noticed Vatizupy the pandemonium lord
107393 | D:15     | Killed Vatizupy the pandemonium lord
107528 | D:11     | Noticed Exiyhanu the pandemonium lord
107535 | D:11     | Killed Exiyhanu the pandemonium lord
107754 | D:$      | Escaped with the Orb!

Illustrated notes

Levels and vault maps discovered:
D:1:      dpeg_arrival_lava_altar, layout_rooms,
          shapermc_ecumenical_altar_hornbeckon
D:2:      layout_loops_corners, uniq_jessica
D:3:      layout_loops_ring, lemuel_blue_sif_altar, biasface_ghost_orc_armoury,
          small_statue_intersection, uniq_natasha, uniq_ijyb, uniq_terence
D:4:      layout_layer_cave, gammafunk_temple_overflow_forgotten,
          mainiacjoe_overflow_chevrons, cheibrodos_sewer_entry_drain,
          st_stairs_9
D:5:      layout_gridville, mainiacjoe_overflow_small_starburst, chequers_jeans,
          uniq_sigmund, uniq_blork_the_orc, uniq_edmund
D:6:      layout_loops_ring, uniq_pikel
D:7:      layout_cave_pools, lemuel_coloured_pillars_altar, minitemple,
          minmay_temple_entry_arrows, nicolae_titane
D:8:      layout_rooms, kennysheep_mini_moat, serial_shops, shop,
          nzn_ghost_randoct
D:9:      layout_gridville, old_standard_altar, hellmonk_lair_entry_icy
D:10:     layout_roguey, enter_bailey_4
D:11:     gammafunk_indiana_jones, layout_loops_ring, serial_bayou,
          serial_bayou_pond_b, serial_bayou_shore_a, serial_bayou_pond_c,
          serial_bayou_lagoon_a, serial_shops, nicolae_shop_statue_plus
D:12:     layout_basic, hiddenorc1_lemuel
D:13:     layout_stronghold, david_vaults_5, kennysheep_dice
D:14:     layout_roguey, serial_bayou_pond_e
D:15:     grunt_enter_depths_magical_seal, layout_loops_cross, special_room
          [special_room_bee], muffindrake_ghost_dual_entry,
          nicolae_elyvilon_temple_path, uniq_kirke
Temple:   hellmonk_temple_beads
Lair:1:   layout_loops_ring, pdpol_lair_neglected_garden
Lair:2:   layout_loops_ring
Lair:3:   layout_roguey, minmay_shoals_entry_hut, dummy_snake_entry,
          grunt_megastairs_3
Lair:4:   layout_concentric_octagons, lemuel_fruit_fields, uniq_rupert
Lair:5:   evilmike_catoblepas_cave, layout_gridlike, slime_entry_1,
          enter_volcano_1, uniq_urug
Shoals:1: layout_shoals, dpeg_stationary_puzzle
Shoals:2: layout_shoals, nicolae_shoals_dead_sea_scrolls, uniq_aizul
Shoals:3: layout_shoals, nicolae_shoals_secluded_bog
Shoals:4: shoals_end_simple, layout_shoals, lemuel_oklob_altar
Snake:1:  layout_honeycomb
Snake:2:  cheibrodos_snake_ritualist_ritual, layout_rooms,
          portal_ice_cave_entry_ice_statue_two, uniq_vashnia
Snake:3:  layout_cave_town
Snake:4:  grunt_snake_rune_pools, layout_chambers
Slime:1:  layout_caves
Slime:2:  layout_caves
Slime:3:  layout_caves, cheibrodos_slime_lost_civilization_6
Slime:4:  layout_caves
Slime:5:  slime_pit_nicolae_inversion
Orc:1:    layout_caves
Orc:2:    hellmonk_orc_salted, layout_caves, serial_shops, shop, basic_altar,
          uniq_donald, uniq_maurice
Elf:1:    nicolae_elf_arrival_fired_up, layout_gridlike, serial_shops,
          nicolae_shop_back_alley_shop, evilmike_minifort
Elf:2:    elven_hall_of_blades_hangedman_alternative
          [mumra_blade_entry_bloodbath], layout_loops_corners
Elf:3:    elf_hall, layout_geoelf_grid, minivault_16,
          amcnicky_mini_rare_corridor_liquid, dreamdust_mushroom_princess
Vaults:1: nicolae_vaults_wrenched, ontoclasm_vaults_decontamination, v_misc_25,
          nicolae_vaults_windows_and_doors_thing,
          nicolae_vaults_storage_room_doors, nicolae_vaults_little_ls,
          vaults_room_fours, nicolae_vaults_little_squares_1,
          nicolae_vaults_specimen_jars, nicolae_vaults_theta,
          nicolae_vaults_surprise_closet, v_misc_10, layout_vaults_omnigrid,
          serial_shops, nicolae_shop_hallway_plus, shop
Vaults:2: nicolae_vaults_spaceships, nicolae_vaults_storage_closets_2,
          kb_rosetta, vaults_room_hallway, nicolae_vaults_network_s,
          vaults_dpeg_cross, ontoclasm_vaults_ligature,
          nicolae_vaults_closet_pinwheel_4, hangedman_vaults_nails,
          nicolae_vaults_border_crossing, layout_vaults_maze_snakey
Vaults:3: portal_desolation_entry_garden, vaults_room_guarded_vault,
          serial_ice_g, grunt_vaults_hallway_short, vaults_room_fancy_cross,
          minmay_crypt_entry_nasty_monster, v_misc_11,
          nicolae_vaults_trapezoid_4, nicolae_vaults_tetromino_Z_1,
          vaults_mumra_chevron_long, nicolae_vaults_house_2,
          nicolae_vaults_more_shelving_1, vaults_mumra_hexcomb,
          vaults_room_stairs_pillars, nicolae_vaults_house_1, v_misc_17,
          vaults_room_stairs_pillars, layout_vaults_omnicross
Vaults:4: st_star, grunt_vaults_twisty, nicolae_vaults_doubleplus_tesselated,
          nicolae_vaults_house_2, grunt_vaults_focal, nicolae_vaults_diamond_1,
          nicolae_vaults_double_plus_2, ontoclasm_vaults_chip,
          vaults_room_ringed_pool, nicolae_vaults_trapezoid_1,
          ontoclasm_vaults_fault, layout_vaults_big_room, serial_shops,
          nicolae_shop_pleasant_corner_grove
Vaults:5: uniq_boris, uniq_jory
Crypt:1:  layout_gridlike, ebering_ghost_rock_garden
Crypt:2:  minmay_shadows, layout_rooms
Crypt:3:  grunt_crypt_end_deaths_head, uniq_xtahua, uniq_margery, uniq_khufu
Tomb:1
Tomb:2
Tomb:3
Depths:1: layout_roguey, enter_ziggurat_f, grunt_dithmenos_smoke,
          grunt_mini_vestibule, abyss_entry, eat_drink_and_be_merry_uskayaw
Depths:2: regret_index_reflect_refract, layout_gridlike,
          pf_hell_entry_tar_river, grunt_pan_entry_zigzag, minmay_fountain_box
Depths:3: angbandy_vault, layout_long_grid, hell_entry, abyss_entry,
          bh_walls_and_bars, infiniplex_staircase_pool_2
Depths:4: evilmike_zot_entry_hall, layout_small_grid, rand_demon_pan_entry_7,
          serial_shops, bzr_in_the_mist, minivault_14, pf_hell_entry_great_geh,
          abyss_entry, monkooky_shop_mail_order
Hell
Dis:1:    layout_gridville, nicolae_hells_leichenhalle
Dis:2:    layout_gridville, nicolae_dis_strange_trophy_room
Dis:3:    layout_jigsaw, not_door_vault_due
Dis:4:    nicolae_dis_pentagon_1, layout_gridville
Dis:5:    layout_jigsaw
Dis:6:    layout_subdivisions, glass_columns_a, not_door_vault_due
Dis:7:    dis_grunt_layers
Geh:1:    layout_gehenna_pools_triple
Geh:2:    layout_gehenna_pools_box
Geh:3:    layout_gehenna_pools_triple, nicolae_hells_fiendish_ambush
Geh:4:    layout_gehenna_lava_caves
Geh:5:    layout_gehenna_pools_triple
Geh:6:    layout_gehenna_pools_triple
Geh:7:    geh_mu
Coc:1:    layout_cocytus_delve
Coc:2:    layout_cocytus_delve
Coc:3:    nicolae_coc_caina, layout_cocytus_delve
Coc:4:    layout_ice_bergs
Coc:5:    layout_cocytus_water_paths
Coc:6:    layout_cocytus_delve
Coc:7:    coc_mu
Tar:1:    layout_grid_maze
Tar:2:    layout_catacombs
Tar:3:    layout_cathedral_of_symmetry
Tar:4:    hangedman_tartarus_temple_path, layout_cathedral_of_symmetry,
          nicolae_hells_hurtin_island
Tar:5:    layout_grid_maze
Tar:6:    layout_grid_maze
Tar:7:    tar_minmay_river
Zot:1:    layout_cellular_growth
Zot:2:    layout_onion_interference, gammafunk_ghost_wrathful_warriors,
          regret_index_zotdec_fiery_em
Zot:3:    layout_basic
Zot:4:    layout_cathedral_of_symmetry, grunt_ministairs_6, door_vault,
          uniq_grunn
Zot:5:    layout_cathedral_of_symmetry

Skill      XL: |  1  2  3  4  5  6  7  8  9 10 11 12 13 14 15 16 17 18 19 20 21 22 23 24 25 26 27 |
---------------+----------------------------------------------------------------------------------+-----
Axes           | 2 3 4 5 7 9 10 11 12 13 14 15 16 17 | 17.4
Shields        | 3 4 5 6 8 9 10 11 12 13 14 15 16 17 27 | 27.0
Armour         | 3 4 5 6 7 8 9 10 11 12 13 14 15 16 17 27 | 27.0
Evocations     | 1 2 3 4 5 6 7 8 10 20 | 20.5
Fighting       | 4 5 6 7 8 9 10 11 12 13 14 15 16 18 19 20 27 | 27.0
Invocations    | 3 5 7 9 10 11 13 14 15 16 17 19 21 22 23 24 25 27 | 27.0
Dodging        | 2 3 4 5 7 8 10 11 13 26 | 26.6
Ranged Weapons | 2 |  2.0
Polearms       | 2 4 6 7 |  7.5
Shapeshifting  | 4 6 8 11 12 13 14 19 | 19.0
Stealth        | 16 | 16.5

Action                     |  1- 3 |  4- 6 |  7- 9 | 10-12 | 13-15 | 16-18 | 19-21 | 22-24 | 25-27 || total
---------------------------+-------+-------+-------+-------+-------+-------+-------+-------+-------++-------
  Melee: War axe           |    62 |       |     5 |       |       |       |       |       |       ||    67
         Spear             |    49 |   145 |   305 |    86 |       |       |       |       |       ||   585
         Kick              |       |       |    93 |   159 |   245 |   363 |   515 |   472 |  3294 ||  5141
         Unarmed           |       |       |     3 |       |       |       |       |       |       ||     3
         Hand axe          |       |       |    15 |   165 |       |       |       |       |       ||   180
         Demon trident     |       |       |       |   238 |   604 |       |       |       |       ||   842
         Broad axe         |       |       |       |       |   174 |   413 |     3 |   176 |   261 ||  1027
         Lance             |       |       |       |       |       |   874 |  1394 |  1110 |  7153 || 10531
         Headbutt          |       |       |       |       |       |       |       |       |    87 ||    87
   Fire: Sling             |       |       |       |    10 |    10 |       |       |       |       ||    20
  Throw: Dart              |       |       |       |     1 |     2 |       |     1 |       |       ||     4
 Invoke: Stomp             |       |       |       |     1 |       |     4 |       |       |       ||     5
         Line Pass         |       |       |       |     1 |       |       |     2 |       |     4 ||     7
         Grand Finale      |       |       |       |       |     2 |     3 |     3 |     5 |    80 ||    93
  Evoke: Wand              |       |     3 |    28 |    18 |    15 |    23 |     2 |    11 |    99 ||   199
         Phial of floods   |       |       |       |       |       |     1 |       |     1 |     2 ||     4
         Box of beasts     |       |       |       |       |       |     1 |       |     1 |     5 ||     7
         Tin of tremorston |       |       |       |       |       |       |     4 |     6 |    17 ||    27
         Phantom mirror    |       |       |       |       |       |       |     1 |     1 |       ||     2
         Lightning rod     |       |       |       |       |       |       |       |     8 |    10 ||    18
         Horn of Geryon    |       |       |       |       |       |       |       |       |     3 ||     3
    Use: Scroll            |       |     5 |     2 |    11 |    15 |     6 |     8 |    15 |    83 ||   145
         Potion            |       |       |     4 |     8 |     5 |     8 |     6 |     3 |   100 ||   134
   Stab: Paralysed         |       |       |     1 |    53 |   112 |   166 |   222 |   176 |   869 ||  1599
         Invisible         |       |       |       |     3 |     1 |       |       |     1 |    12 ||    17
         Petrified         |       |       |       |       |     4 |       |       |       |       ||     4
         Confused          |       |       |       |       |       |       |     1 |       |     3 ||     4
         Distracted        |       |       |       |       |       |       |       |       |    10 ||    10
 Armour: Scale mail        |    95 |    18 |       |       |       |       |       |       |       ||   113
         Fire dragon scale |       |    48 |   168 |   160 |    82 |       |       |       |       ||   458
         Skin              |       |       |     3 |       |       |       |       |       |   195 ||   198
         Ring mail         |       |       |    14 |       |       |       |       |       |       ||    14
         Plate armour      |       |       |       |       |   123 |   493 |   258 |       |       ||   874
         Gold dragon scale |       |       |       |       |       |       |    29 |   479 |  2120 ||  2628
  Dodge: Dodged            |    53 |    34 |    73 |   112 |   130 |   200 |   148 |   137 |   593 ||  1480
  Block: Buckler           |       |    21 |   112 |     5 |       |       |       |       |       ||   138
         Kite shield       |       |       |       |   279 |   509 |   896 |   446 |   573 |  3991 ||  6694
         Reflection        |       |       |       |     2 |    76 |   123 |    35 |       |    19 ||   255
         Tower shield      |       |       |       |       |       |       |       |       |  1294 ||  1294

Table legend: (Time is in decaauts)
 A = Elapsed time spent in this place.
 B = Non-inter-level travel time spent in this place.
 C = Inter-level travel time spent in this place.
 D = Time resting spent in this place.
 E = Time spent auto-exploring this place.
 F = Levels seen in this place.
 G = Mean time per level.
                   A        B        C        D        E       F      G
               +--------+--------+--------+--------+--------+-----+--------+
         Total | 103335 |  92374 |  10961 |  16377 |  46141 | 131 |  788.8 |
       Dungeon |  20196 |  16644 |   3552 |   1408 |  11609 |  15 | 1346.4 |
        Temple |    145 |     61 |     84 |      0 |     59 |   1 |  145.0 |
          Lair |   5012 |   4346 |    666 |      4 |   3458 |   5 | 1002.4 |
        Shoals |   5442 |   5154 |    288 |    823 |   3092 |   4 | 1360.5 |
     Snake Pit |   4435 |   4290 |    145 |    368 |   2874 |   4 | 1108.8 |
    Slime Pits |   1063 |   1023 |     40 |    148 |    450 |   5 |  212.6 |
  Orcish Mines |   1668 |   1442 |    226 |     30 |   1019 |   2 |  834.0 |
   Elven Halls |   3397 |   3269 |    128 |     31 |   2370 |   3 | 1132.3 |
        Vaults |   8409 |   6904 |   1505 |     92 |   5333 |   5 | 1681.8 |
         Crypt |   3478 |   3104 |    374 |    387 |   1973 |   3 | 1159.3 |
          Tomb |   6023 |   5467 |    556 |   2790 |    803 |   3 | 2007.7 |
        Depths |   7742 |   6079 |   1663 |    764 |   3762 |   4 | 1935.5 |
          Hell |   2897 |   2584 |    313 |   1962 |    235 |   1 | 2897.0 |
           Dis |   2887 |   2746 |    141 |   1127 |    163 |   7 |  412.4 |
       Gehenna |   3468 |   3370 |     98 |    853 |   1145 |   7 |  495.4 |
       Cocytus |   3254 |   2747 |    507 |   1366 |     76 |   7 |  464.9 |
      Tartarus |   2187 |   2054 |    133 |    757 |    380 |   7 |  312.4 |
           Zot |   6910 |   6375 |    535 |    765 |   4087 |   5 | 1382.0 |
         Abyss |   1110 |   1110 |      0 |      0 |      0 |   4 |  277.5 |
   Pandemonium |   8141 |   8141 |      0 |   2182 |    663 |  16 |  508.8 |
      Ziggurat |   2535 |   2535 |      0 |    159 |   1159 |  17 |  149.1 |
        Bazaar |     77 |     77 |      0 |      0 |     35 |   1 |   77.0 |
         Sewer |    397 |    397 |      0 |      0 |    254 |   1 |  397.0 |
        Bailey |    319 |    319 |      0 |      0 |    145 |   1 |  319.0 |
      Ice Cave |    527 |    527 |      0 |    267 |     73 |   1 |  527.0 |
       Volcano |    322 |    322 |      0 |      0 |    196 |   1 |  322.0 |
    Desolation |   1281 |   1281 |      0 |     88 |    725 |   1 | 1281.0 |
               +--------+--------+--------+--------+--------+-----+--------+

Top non-repeatable levels by time:
  Tomb:1: 4511 daAuts
    Hell: 2897 daAuts
    D:15: 2451 daAuts
Vaults:1: 2400 daAuts
Depths:3: 2312 daAuts
   Geh:7: 2216 daAuts
Depths:2: 2092 daAuts
Depths:1: 2024 daAuts
    D:11: 1857 daAuts
 Snake:4: 1790 daAuts
   Dis:7: 1763 daAuts
   Zot:2: 1729 daAuts
     D:9: 1711 daAuts
Shoals:2: 1701 daAuts
Vaults:4: 1610 daAuts
